Workbook
Name _1Excel_BuiltIn_Print_Area_1_1_1: 'Прил 3'!$A$1:$C$34
Name _2Excel_BuiltIn_Print_Area_7_1_1: #REF!
Name _2Excel_BuiltIn_Print_Area_7_1_1: #REF!
Name _Toc105952698: 'Прил 4 '!$A$3
Name _Toc105952698: #REF!
Name Excel_BuiltIn_Print_Area_1: 'Прил 3'!$A$1:$C$34
Name Excel_BuiltIn_Print_Area_1_1: 'Прил 3'!$A$1:$C$34
Name Excel_BuiltIn_Print_Area_2: #REF!
Name Excel_BuiltIn_Print_Area_2: #REF!
Name Excel_BuiltIn_Print_Area_3: 'Прил 1'!$A$1:$C$32
Name Excel_BuiltIn_Print_Area_3_1: #REF!
Name Excel_BuiltIn_Print_Area_3_1: #REF!
Name Excel_BuiltIn_Print_Area_4: #REF!
Name Excel_BuiltIn_Print_Area_4: #REF!
Name Excel_BuiltIn_Print_Area_5: 'Прил 4 '!$A$1:$I$52
Name Excel_BuiltIn_Print_Area_5: #REF!
Name Excel_BuiltIn_Print_Area_5_1: 'Прил 4 '!$A$1:$I$52
Name Excel_BuiltIn_Print_Area_5_1: #REF!
Name Excel_BuiltIn_Print_Area_6: 'Прил 5'!$A$1:$G$59
Name Excel_BuiltIn_Print_Area_6_1: 'Прил 5'!$A$1:$G$59
Name Excel_BuiltIn_Print_Area_7: #REF!
Name Excel_BuiltIn_Print_Area_7: #REF!
Name Excel_BuiltIn_Print_Area_7_1: #REF!
Name Excel_BuiltIn_Print_Area_7_1: #REF!

Sheet Прил 1
C1: Приложение 1
A3: ПЕРЕЧЕНЬ АДМИНИСТРАТОРОВ ДОХОДОВ БЮДЖЕТА ПУШКИНСКОГО СЕЛЬСКОГО ПОСЕЛЕНИЯ КАДОШКИНСКОГО МУНИЦИПАЛЬНОГО РАЙОНА РЕСПУБЛИКИ МОРДОВИЯ
A5: Код бюджетной классификации Российской Федерации | C5: Наименование доходов бюджета
A6: админи- стратора доходов | B6: доходов бюджета
A7: 1 | B7: 2 | C7: 3
A9: 919 | B9: Администрация Пушкинского сельского поселения Кадошкинского муниципального района Республики Мордовия
A11: 919 | B11: 1 08 04020 01 1000 110 | C11: Государственная пошлина за совершение нотариальных действий должностными лицами органов местного самоуправления, уполномоченными в соответствии с законодательными актами Российской Федерации на совершение нотариальных действий
A12: 919 | B12: 1 08 04020 01 4000 110 | C12: Государственная пошлина за совершение нотариальных действий должностными лицами органов местного самоуправления, уполномоченными в соответствии с законодательными актами Российской Федерации на совершение нотариальных действий (прочие поступления)
A13: 919 | B13: 1 11 02033 10 0000 120 | C13: Доходы от размещения временно свободных средств бюджетов сельских поселений
A14: 919 | B14: 1 11 05035 10 0000 120 | C14: Доходы от сдачи в аренду имущества, находящегося в оперативном управлении органов управления сельских поселений и созданных ими учреждений (за исключением имущества муниципальных бюджетных и автономных учреждений)
A15: 919 | B15: 1 11 09045 10 0000 120 | C15: Прочие поступления от использования имущества, находящегося в собственности сельских поселений (за исключением имущества муниципальных бюджетных и автономных учреждений, а также имущества муниципальных унитарных предприятий, в том числе казенных)
A16: 919 | B16: 1 13 01995 10 0000 130 | C16: Прочие доходы от оказания платных услуг (работ) получателями средств бюджетов сельских поселений
A17: 919 | B17: 1 13 02995 10 0000 130 | C17: Прочие доходы от компенсации затрат бюджетов сельских поселений
A18: 919 | B18: 1 14 02052 10 0000 410 | C18: Доходы от реализации имущества, находящегося в оперативном управлении учреждений, находящихся в ведении органов управления сельских поселений (за исключением имущества муниципальных бюджетных и автономных учреждений), в части реализации основных средств по указанному имуществу
A19: 919 | B19: 1 14 02052 10 0000 440 | C19: Доходы от реализации имущества, находящегося в оперативном управлении учреждений, находящихся в ведении органов управления сельских поселений (за исключением имущества муниципальных бюджетных и автономных учреждений), в части реализации материальных запасов по указанному имуществу
A20: 919 | B20: 1 14 02053 10 0000 410 | C20: Доходы от реализации иного имущества, находящегося в собственности сельских поселений (за исключением имущества муниципальных бюджетных и автономных учреждений, а также имущества муниципальных унитарных предприятий, в том числе казенных), в части реализации основных средств по указанному имуществу
A21: 919 | B21: 1 14 02053 10 0000 440 | C21: Доходы от реализации иного имущества, находящегося в собственности сельских поселений (за исключением имущества муниципальных бюджетных и автономных учреждений, а также имущества муниципальных унитарных предприятий, в том числе казенных), в части реализации материальных запасов по указанному имуществу
A22: 919 | B22: 1 14 06025 10 0000 430 | C22: Доходы от продажи земельных участков, находящихся в собственности сельских поселений (за исключением земельных участков муниципальных бюджетных и автономных учреждений)
... A37: 919 | B37: 2 08 05000 10 0000 150 | C37: Перечисления из бюджетов сельских поселений (в бюджеты поселений) для осуществления возврата (зачета) излишне уплаченных или излишне взысканных сумм налогов, сборов и иных платежей, а также сумм процентов за несвоевременное осуществление такого возврата и процентов, начисленных на излишне взысканные суммы

Sheet Прил 2
C1: Приложение 2
A3: ПЕРЕЧЕНЬ ГЛАВНЫХ АДМИНИСТРАТОРОВ ИСТОЧНИКОВ ФИНАНСИРОВАНИЯ ДЕФИЦИТА БЮДЖЕТА ПУШКИНСКОГО СЕЛЬСКОГО ПОСЕЛЕНИЯ КАДОШКИНСКОГО МУНИЦИПАЛЬНОГО РАЙОНА РЕСПУБЛИКИ МОРДОВИЯ
A6: Код бюджетной классификации Российской Федерации | C6: Наименование главного администратора источника финансирования бюджета
A7: админи- стратора | B7: источников внутреннего финансирования дефицита бюджета
A8: 1 | B8: 2 | C8: 3
A9: 919 | C9: Администрация Пушкинского сельского поселения Кадошкинского муниципального района
A10: 919 | B10: 01 02 00 00 10 0000 710 | C10: Получение кредитов от других бюджетов бюджетной системы Российской Федерации бюджетами сельских поселений в валюте Российской Федерации
A11: 919 | B11: 01 03 01 00 10 0000 810 | C11: Погашение бюджетами сельских поселений кредитов от других бюджетов бюджетной системы Российской Федерации в валюте Российской Федерации

Sheet Прил 3
D1: Приложение 3
A3: ДОХОДЫ БЮДЖЕТА ПУШКИНСКОГО СЕЛЬСКОГО ПОСЕЛЕНИЯ КАДОШКИНСКОГО МУНИЦИПАЛЬНОГО РАЙОНА РЕСПУБЛИКИ МОРДОВИЯ
C5: (тыс.рублей)
A6: Код бюджетной классификации доходов бюджета | B6: Наименование доходов | C6: Сумма
C7: 2020 год | D7: 2021 год | E7: 2022 год
A8: 1 | B8: 2 | C8: 3 | D8: 4 | E8: 5
B9: ВСЕГО ДОХОДОВ | C9: =SUM(C10+C25+C36) -> 2160.95 | D9: =SUM(D10+D25+D36) -> 1600 | E9: =SUM(E10+E25+E36) -> 1623.2
A10: 00010000000000000000 | B10: НАЛОГОВЫЕ И НЕНАЛОГОВЫЕ ДОХОДЫ | C10: =SUM(C11+C14+C16+C18+C21+C23) -> 717.1 | D10: =SUM(D11+D14+D16+D18+D21+D23) -> 722.4 | E10: =SUM(E11+E14+E16+E18+E21+E23) -> 728.4
A11: 00010100000000000000 | B11: НАЛОГИ НА ПРИБЫЛЬ, ДОХОДЫ | C11: =SUM(C12) -> 19.1 | D11: =SUM(D12) -> 19.8 | E11: =SUM(E12) -> 20.6
A12: 00010102000010000110 | B12: Налог на доходы физических лиц | C12: =SUM(C13) -> 19.1 | D12: =SUM(D13) -> 19.8 | E12: =SUM(E13) -> 20.6
A13: 18210102010010000110 | B13: Налог на доходы физических лиц с доходов, источником которых является налоговый агент, за исключением доходов, в отношении которых исчисление и уплата налога осуществляются в соответствии со статьями 227, 2271 и 228 Налогового кодекса Российской Федерации | C13: 19.1 | D13: 19.8 | E13: 20.6
A14: 00010500000000000000 | B14: НАЛОГИ НА СОВОКУПНЫЙ ДОХОД | C14: =SUM(C15) -> 2.2 | D14: =SUM(D15) -> 2.2 | E14: =SUM(E15) -> 2.2
A15: 18210503010010000110 | B15: Единый сельскохозяйственный налог | C15: 2.2 | D15: 2.2 | E15: 2.2
A16: 00010600000000000000 | B16: НАЛОГИ НА ИМУЩЕСТВО | C16: =SUM(C17) -> 19.5 | D16: =SUM(D17) -> 19 | E16: =SUM(E17) -> 19
A17: 18210601030100000110 | B17: Налог на имущество физических лиц, взимаемый по ставкам, применяемым к объектам налогообложения, расположенным в границах сельских поселений | C17: 19.5 | D17: 19 | E17: 19
A18: 00010606000000000110 | B18: Земельный налог | C18: =SUM(C19+C20) -> 550 | D18: =SUM(D19+D20) -> 550 | E18: =SUM(E19+E20) -> 550
A19: 18210606033100000110 | B19: Земельный налог с организаций, обладающих земельным участком, расположенным в границах сельских поселений | C19: 362 | D19: 362 | E19: 362
A20: 18210606043100000110 | B20: Земельный налог с физических лиц, обладающих земельным участком, расположенным в границах сельских поселений | C20: 188 | D20: 188 | E20: 188
A21: 00011100000000000000 | B21: ДОХОДЫ ОТ ИСПОЛЬЗОВАНИЯ ИМУЩЕСТВА, НАХОДЯЩЕГОСЯ В ГОСУДАРСТВЕННОЙ И МУНИЦИПАЛЬНОЙ СОБСТВЕННОСТИ | C21: =SUM(C22) -> 126.3 | D21: =SUM(D22) -> 131.4 | E21: =SUM(E22) -> 136.6
A22: 91911105035100000120 | B22: Доходы, получаемые в виде арендной платы, а также средства от продажи права на заключение договоров аренды за земли, находящиеся в собственности сельских поселений (за исключением земельных участков муниципальных бюджетных и автономных учреждений) | C22: 126.3 | D22: 131.4 | E22: 136.6
A23: 00011400000000000000 | B23: ДОХОДЫ ОТ ПРОДАЖИ МАТЕРИАЛЬНЫХ И НЕМАТЕРИАЛЬНЫХ АКТИВОВ | C23: =SUM(C24) -> 0 | D23: =SUM(D24) -> 0 | E23: =SUM(E24) -> 0
A24: 91911406025100000430 | B24: Доходы от продажи земельных участков, находящихся в собственности сельских поселений (за исключением земельных участков муниципальных бюджетных и автономных учреждений) | C24: 0 | D24: 0 | E24: 0
A25: 00020200000000000000 | B25: БЕЗВОЗМЕЗДНЫЕ ПОСТУПЛЕНИЯ ОТ ДРУГИХ БЮДЖЕТОВ БЮДЖЕТНОЙ СИСТЕМЫ РОССИЙСКОЙ ФЕДЕРАЦИИ | C25: =SUM(C30+C33+C26+C28) -> 1426.25 | D25: =SUM(D30+D33+D26+D28) -> 877.6 | E25: =SUM(E30+E33+E26+E28) -> 894.8
A26: 00020210000000000150 | B26: Дотации бюджетам бюджетной системы Российской Федерации | C26: =C27 -> 90.6 | D26: =D27 -> 40.9 | E26: =E27 -> 0
A27: 91920215001100000150 | B27: Дотации бюджетам сельских поселений на выравнивание бюджетной обеспеченности | C27: 90.6 | D27: 40.9 | E27: 0
A28: 00020220000000000150 | B28: Субсидии бюджетам бюджетной системы Российской Федерации (межбюджетные субсидии) | C28: =C29 -> 521.9 | D28: =D29 -> 0 | E28: =E29 -> 0
A29: 91920229999100000150 | B29: Прочие субсидии бюджетам сельских поселений | C29: =494.3+27.6 -> 521.9 | D29: 0 | E29: 0
A30: 00020230000000000150 | B30: Субвенции бюджетам бюджетной системы Российской Федерации | C30: =SUM(C31+C32) -> 78.8 | D30: =SUM(D31+D32) -> 78.9 | E30: =SUM(E31+E32) -> 80.7
A31: 91920230024100000150 | B31: Субвенции на осуществление государственных полномочий Республики Мордовия по определению перечня должностных лиц, уполномоченных составлять протоколы об административных правонарушениях, предусмотренных Законом Республики Мордовия от 15 июня 2015 года № 38-З "Об административной ответственности на территории Республики Мордовия" | C31: 0.1 | D31: 0.1 | E31: 0.1
A32: 91920235118100000150 | B32: Субвенции бюджетам сельских поселений на осуществление первичного воинского учета на территориях, где отсутствуют военные комиссариаты | C32: 78.7 | D32: 78.8 | E32: 80.6
A33: 00020240000000000150 | B33: Иные межбюджетные трансферты | C33: =SUM(C34+C35) -> 734.95 | D33: =SUM(D34) -> 757.8 | E33: =SUM(E34) -> 814.1
A34: 91920240014100000150 | B34: Межбюджетные трансферты, передаваемые бюджетам сельских поселений из бюджетов муниципальных районов на осуществление части полномочий по решению вопросов местного значения в соответствии с заключенными соглашениями | C34: 707.2 | D34: 757.8 | E34: 814.1
A35: 91920249999100000150 | B35: Прочие межбюджетные трансферты, передаваемые бюджетам сельских поселений | C35: 27.75 | D35: 0 | E35: 0
A36: 00020700000000000000 | B36: ПРОЧИЕ БЕЗВОЗМЕЗДНЫЕ ПОСТУПЛЕНИЯ | C36: =C37 -> 17.6 | D36: =D37 -> 0 | E36: =E37 -> 0
A37: 00020705000100000150 | B37: Прочие поступления в бюджеты сельских поселений | C37: =C38 -> 17.6 | D37: =D38 -> 0 | E37: =E38 -> 0
A38: 91920705030100000150 | B38: Прочие поступления в бюджеты сельских поселений | C38: 17.6 | D38: 0 | E38: 0

Sheet Прил 4 
I1: Приложение 4
A3: РАСПРЕДЕЛЕНИЕ БЮДЖЕТНЫХ АССИГНОВАНИЙ БЮДЖЕТА ПУШКИНСКОГО СЕЛЬСКОГО ПОСЕЛЕНИЯ КАДОШКИНСКОГО МУНИЦИПАЛЬНОГО РАЙОНА РЕСПУБЛИКИ МОРДОВИЯ ПО РАЗДЕЛАМ, ПОДРАЗДЕЛАМ, ЦЕЛЕВЫМ СТАТЬЯМ (ГОСУДАРСТВЕННЫМ ПРОГРАММАМ И НЕПРОГРАММНЫМ НАПРАВЛЕНИЯМ ДЕЯТЕЛЬНОСТИ), ГРУППАМ (ГРУППАМ И ПОДГРУППАМ) ВИДОВ РАСХОДОВ КЛАССИФИКАЦИИ РАСХОДОВ БЮДЖЕТОВ НА 2020 ГОД И НА ПЛАНОВЫЙ ПЕРИОД 2021 И 2022 ГОДОВ
A5: Наименование | B5: Рз | C5: ПР | D5: ЦСР | H5: ВР | I5: Сумма (тыс. рублей)
I6: 2020 год | J6: 2021 год | K6: 2022 год
A7: 1 | B7: 2 | C7: 3 | D7: 4 | E7: 5 | F7: 6 | G7: 7 | H7: 8 | I7: 9 | J7: 10 | K7: 11
A8: ВСЕГО | I8: =I9+I59+I78+I84+I103+I110+I68 -> 2196.75 | J8: =J9+J59+J78+J84+J103+J110+J68 -> 1600 | K8: =K9+K59+K78+K84+K103+K110+K68 -> 1623.2
A9: Общегосударственные вопросы | B9: 01 | I9: =I10+I19+I40+I46 -> 955.322 | J9: =J10+J19+J40+J46 -> 389.6 | K9: =K10+K19+K40+K46 -> 341.9
A10: Функционирование высшего должностного лица субъекта Российской Федерации и муниципального образования | B10: 01 | C10: 02 | I10: =I11 -> 323.2 | J10: =J11 -> 131.2 | K10: =K11 -> 124.3
A11: Обеспечение деятельности администрации | B11: 01 | C11: 02 | D11: 65 | I11: =I12 -> 323.2 | J11: =J12 -> 131.2 | K11: =K12 -> 124.3
A12: Высшее должностное лицо | B12: 01 | C12: 02 | D12: 65 | E12: 1 | I12: =I13+I16 -> 323.2 | J12: =J13+J16 -> 131.2 | K12: =K13+K16 -> 124.3
A13: Расходы на выплаты по оплате труда высшего должностного лица | B13: 01 | C13: 02 | D13: 65 | E13: 1 | F13: 00 | G13: 41150 | I13: =I14 -> 113 | J13: =J14 -> 131.2 | K13: =K14 -> 124.3
A14: Расходы на выплаты персоналу в целях обеспечения выполнения функций государственными (муниципальными) органами, казенными учреждениями, органами управления государственными внебюджетными фондами | B14: 01 | C14: 02 | D14: 65 | E14: 1 | F14: 00 | G14: 41150 | H14: 100 | I14: =I15 -> 113 | J14: =J15 -> 131.2 | K14: =K15 -> 124.3
A15: Расходы на выплаты персоналу государственных (муниципальных) органов | B15: 01 | C15: 02 | D15: 65 | E15: 1 | F15: 00 | G15: 41150 | H15: 120 | I15: ='Прил 5'!J16 -> 113 | J15: ='Прил 5'!K16 -> 131.2 | K15: ='Прил 5'!L16 -> 124.3
A16: Субсидии на софинансирование расходных обязательств по финансовому обеспечению деятельности органов местного самоуправления и муниципальных учреждений | B16: 01 | C16: 02 | D16: 65 | E16: 1 | F16: 00 | G16: 44205 | I16: =I17 -> 210.2 | J16: =J17 -> 0 | K16: =K17 -> 0
A17: Расходы на выплаты персоналу в целях обеспечения выполнения функций государственными (муниципальными) органами, казенными учреждениями, органами управления государственными внебюджетными фондами | B17: 01 | C17: 02 | D17: 65 | E17: 1 | F17: 00 | G17: 44205 | H17: 100 | I17: =I18 -> 210.2 | J17: =J18 -> 0 | K17: =K18 -> 0
A18: Расходы на выплаты персоналу государственных (муниципальных) органов | B18: 01 | C18: 02 | D18: 65 | E18: 1 | F18: 00 | G18: 44205 | H18: 120 | I18: ='Прил 5'!J19 -> 210.2 | J18: ='Прил 5'!K19 -> 0 | K18: ='Прил 5'!L19 -> 0
A19: Функционирование Правительства Российской Федерации, высших органов исполнительной власти субъектов Российской Федерации, местных администраций | B19: 01 | C19: 04 | I19: =I20+I35 -> 628.9 | J19: =J20+J35 -> 255.9 | K19: =K20+K35 -> 215.1
A20: Обеспечение деятельности администрации | B20: 01 | C20: 04 | D20: 65 | I20: =I21 -> 628.8 | J20: =J21 -> 255.8 | K20: =K21 -> 215
A21: Непрограммные расходы в рамках обеспечения деятельности администрации | B21: 01 | C21: 04 | D21: 65 | E21: 2 | I21: =I22+I25+I30 -> 628.8 | J21: =J22+J25+J30 -> 255.8 | K21: =K22+K25+K30 -> 215
A22: Расходы на выплаты по оплате труда работников органов местного самоуправления | B22: 01 | C22: 04 | D22: 65 | E22: 2 | F22: 00 | G22: 41110 | I22: =I23 -> 67.5 | J22: =J23 -> 192.2 | K22: =K23 -> 152.3
A23: Расходы на выплаты персоналу в целях обеспечения выполнения функций государственными (муниципальными) органами, казенными учреждениями, органами управления государственными внебюджетными фондами | B23: 01 | C23: 04 | D23: 65 | E23: 2 | F23: 00 | G23: 41110 | H23: 100 | I23: =I24 -> 67.5 | J23: =J24 -> 192.2 | K23: =K24 -> 152.3
A24: Расходы на выплаты персоналу государственных (муниципальных) органов | B24: 01 | C24: 04 | D24: 65 | E24: 2 | F24: 00 | G24: 41110 | H24: 120 | I24: ='Прил 5'!J25 -> 67.5 | J24: ='Прил 5'!K25 -> 192.2 | K24: ='Прил 5'!L25 -> 152.3
A25: Расходы на обеспечение функций органов местного самоуправления | B25: 01 | C25: 04 | D25: 65 | E25: 2 | F25: 00 | G25: 41120 | I25: =I26+I28 -> 277.2 | J25: =J26+J28 -> 63.6 | K25: =K26+K28 -> 62.7
A26: Закупка товаров, работ и услуг для обеспечения государственных (муниципальных) нужд | B26: 01 | C26: 04 | D26: 65 | E26: 2 | F26: 00 | G26: 41120 | H26: 200 | I26: =I27 -> 241.7 | J26: =J27 -> 28.1 | K26: =K27 -> 27.2
A27: Иные закупки товаров, работ и услуг для обеспечения государственных (муниципальных) нужд | B27: 01 | C27: 04 | D27: 65 | E27: 2 | F27: 00 | G27: 41120 | H27: 240 | I27: ='Прил 5'!J28 -> 241.7 | J27: ='Прил 5'!K28 -> 28.1 | K27: ='Прил 5'!L28 -> 27.2
A28: Иные бюджетные ассигнования | B28: 01 | C28: 04 | D28: 66 | E28: 2 | F28: 00 | G28: 41120 | H28: 800 | I28: =I29 -> 35.5 | J28: =J29 -> 35.5 | K28: =K29 -> 35.5
A29: Уплата налогов, сборов и иных платежей | B29: 01 | C29: 04 | D29: 66 | E29: 2 | F29: 00 | G29: 41120 | H29: 850 | I29: ='Прил 5'!J30 -> 35.5 | J29: ='Прил 5'!K30 -> 35.5 | K29: ='Прил 5'!L30 -> 35.5
A30: Субсидии на софинансирование расходных обязательств по финансовому обеспечению деятельности органов местного самоуправления и муниципальных учреждений | B30: 01 | C30: 04 | D30: 65 | E30: 2 | F30: 00 | G30: 44205 | I30: =I31+I33 -> 284.1 | J30: =J31+J33 -> 0 | K30: =K31+K33 -> 0
A31: Расходы на выплаты персоналу в целях обеспечения выполнения функций государственными (муниципальными) органами, казенными учреждениями, органами управления государственными внебюджетными фондами | B31: 01 | C31: 04 | D31: 65 | E31: 2 | F31: 00 | G31: 44205 | H31: 100 | I31: =I32 -> 284.1 | J31: =J32 -> 0 | K31: =K32 -> 0
A32: Расходы на выплаты персоналу государственных (муниципальных) органов | B32: 01 | C32: 04 | D32: 65 | E32: 2 | F32: 00 | G32: 44205 | H32: 120 | I32: ='Прил 5'!J33 -> 284.1 | J32: ='Прил 5'!K33 -> 0 | K32: ='Прил 5'!L33 -> 0
A33: Закупка товаров, работ и услуг для обеспечения государственных (муниципальных) нужд | B33: 01 | C33: 04 | D33: 65 | E33: 2 | F33: 00 | G33: 44205 | H33: 200 | I33: =I34 -> 0 | J33: =J34 -> 0 | K33: =K34 -> 0
A34: Иные закупки товаров, работ и услуг для обеспечения государственных (муниципальных) нужд | B34: 01 | C34: 04 | D34: 65 | E34: 2 | F34: 00 | G34: 44205 | H34: 240 | I34: ='Прил 5'!J35 -> 0 | J34: ='Прил 5'!K35 -> 0 | K34: ='Прил 5'!L35 -> 0
A35: Непрограммные расходы главных распорядителей средств бюджета Пушкинского сельского поселения Кадошкинского муниципального района Республики Мордовия | B35: 01 | C35: 04 | D35: 89 | I35: =I36 -> 0.1 | J35: =J36 -> 0.1 | K35: =K36 -> 0.1
A36: Непрограммные расходы в рамках обеспечения деятельности главных распорядителей средств бюджета Пушкинского сельского поселения Кадошкинского муниципального района Республики Мордовия | B36: 01 | C36: 04 | D36: 89 | E36: 1 | I36: =I37 -> 0.1 | J36: =J37 -> 0.1 | K36: =K37 -> 0.1
A37: Осуществление государственных полномочий Республики Мордовия по определению перечня должностных лиц, уполномоченных составлять протоколы об административных правонарушениях, предусмотренных Законом Республики Мордовия от 15 июня 2015 года № 38-З "Об административной ответственности на территории Республики Мордовия" | B37: 01 | C37: 04 | D37: 89 | E37: 1 | F37: 00 | G37: 77150 | I37: =I38 -> 0.1 | J37: =J38 -> 0.1 | K37: =K38 -> 0.1
A38: Закупка товаров, работ и услуг для обеспечения государственных (муниципальных) нужд | B38: 01 | C38: 04 | D38: 89 | E38: 1 | F38: 00 | G38: 77150 | H38: 200 | I38: =I39 -> 0.1 | J38: =J39 -> 0.1 | K38: =K39 -> 0.1
A39: Иные закупки товаров, работ и услуг для обеспечения государственных (муниципальных) нужд | B39: 01 | C39: 04 | D39: 89 | E39: 1 | F39: 00 | G39: 77150 | H39: 240 | I39: ='Прил 5'!J40 -> 0.1 | J39: ='Прил 5'!K40 -> 0.1 | K39: ='Прил 5'!L40 -> 0.1
A40: Резервные фонды | B40: 01 | C40: 11 | I40: =I41 -> 0.722 | J40: =J41 -> 1 | K40: =K41 -> 1
A41: Непрограммные расходы главных распорядителей средств бюджета Пушкинского сельского поселения Кадошкинского муниципального района Республики Мордовия | B41: 01 | C41: 11 | D41: 89 | I41: =I42 -> 0.722 | J41: =J42 -> 1 | K41: =K42 -> 1
A42: Непрограммные расходы в рамках обеспечения деятельности главных распорядителей средств бюджета Пушкинского сельского поселения Кадошкинского муниципального района Республики Мордовия | B42: 01 | C42: 11 | D42: 89 | E42: 1 | I42: =I43 -> 0.722 | J42: =J43 -> 1 | K42: =K43 -> 1
A43: Резервный фонд администрации Пушкинского сельского поселения Кадошкинского муниципального района Республики Мордовия | B43: 01 | C43: 11 | D43: 89 | E43: 1 | F43: 00 | G43: 41180 | I43: =I44 -> 0.722 | J43: =J44 -> 1 | K43: =K44 -> 1
A44: Иные бюджетные ассигнования | B44: 01 | C44: 11 | D44: 89 | E44: 1 | F44: 00 | G44: 41180 | H44: 800 | I44: =I45 -> 0.722 | J44: =J45 -> 1 | K44: =K45 -> 1
A45: Резервные средства | B45: 01 | C45: 11 | D45: 89 | E45: 1 | F45: 00 | G45: 41180 | H45: 870 | I45: ='Прил 5'!J46 -> 0.722 | J45: ='Прил 5'!K46 -> 1 | K45: ='Прил 5'!L46 -> 1
A46: Другие общегосударственные вопросы | B46: 01 | C46: 13 | I46: =I47+I51+I55 -> 2.5 | J46: =J47+J51+J55 -> 1.5 | K46: =K47+K51+K55 -> 1.5
A47: Программа "Развитие муниципальной службы в Паевском сельском поселении на 2020-2022 годы" | B47: 01 | C47: 13 | D47: 01 | I47: =I48 -> 1 | J47: =J48 -> 1 | K47: =K48 -> 1
A48: Подготовка, переподготовка и повышение квалификации кадров | B48: 01 | C48: 13 | D48: 01 | E48: 0 | F48: 00 | G48: 41250 | I48: =I49 -> 1 | J48: =J49 -> 1 | K48: =K49 -> 1
A49: Закупка товаров, работ и услуг для обеспечения государственных (муниципальных) нужд | B49: 01 | C49: 13 | D49: 01 | E49: 0 | F49: 00 | G49: 41250 | H49: 200 | I49: =I50 -> 1 | J49: =J50 -> 1 | K49: =K50 -> 1
A50: Иные закупки товаров, работ и услуг для обеспечения государственных (муниципальных) нужд | B50: 01 | C50: 13 | D50: 01 | E50: 0 | F50: 00 | G50: 41250 | H50: 240 | I50: ='Прил 5'!J51 -> 1 | J50: ='Прил 5'!K51 -> 1 | K50: ='Прил 5'!L51 -> 1
A51: Программа "Пожарная безопасность на территории Пушкинского сельского поселения Кадошкинского муниципального района Республики Мордовия на 2020-2022г.г." | B51: 01 | C51: 13 | D51: 08 | I51: =I52 -> 0.5 | J51: =J52 -> 0.5 | K51: =K52 -> 0.5
A52: Мероприятия по обеспечению пожарной безопасности | B52: 01 | C52: 13 | D52: 08 | E52: 0 | F52: 00 | G52: 42120 | I52: =I53 -> 0.5 | J52: =J53 -> 0.5 | K52: =K53 -> 0.5
A53: Закупка товаров, работ и услуг для обеспечения государственных (муниципальных) нужд | B53: 01 | C53: 13 | D53: 08 | E53: 0 | F53: 00 | G53: 42120 | H53: 200 | I53: =I54 -> 0.5 | J53: =J54 -> 0.5 | K53: =K54 -> 0.5
A54: Иные закупки товаров, работ и услуг для обеспечения государственных (муниципальных) нужд | B54: 01 | C54: 13 | D54: 08 | E54: 0 | F54: 00 | G54: 42120 | H54: 240 | I54: ='Прил 5'!J55 -> 0.5 | J54: ='Прил 5'!K55 -> 0.5 | K54: ='Прил 5'!L55 -> 0.5
A55: Программа "Гармонизация межнациональных и межконфессиальных отношений в Пушкинском сельском поселении Кадошкинского муниципального района на 2016-2020 годы" | B55: 01 | C55: 13 | D55: 24 | I55: =I56 -> 1 | J55: =J56 -> 0 | K55: =K56 -> 0
A56: Мероприятия, направленные на развитие межнациональных отношений | B56: 01 | C56: 13 | D56: 24 | E56: 0 | F56: 00 | G56: 42310 | I56: =I57 -> 1 | J56: =J57 -> 0 | K56: =K57 -> 0
A57: Закупка товаров, работ и услуг для обеспечения государственных (муниципальных) нужд | B57: 01 | C57: 13 | D57: 24 | E57: 0 | F57: 00 | G57: 42310 | H57: 200 | I57: =I58 -> 1 | J57: =J58 -> 0 | K57: =K58 -> 0
A58: Иные закупки товаров, работ и услуг для обеспечения государственных (муниципальных) нужд | B58: 01 | C58: 13 | D58: 24 | E58: 0 | F58: 00 | G58: 42310 | H58: 240 | I58: ='Прил 5'!J59 -> 1 | J58: ='Прил 5'!K59 -> 0 | K58: ='Прил 5'!L59 -> 0
A59: Национальная оборона | B59: 02 | I59: =I60 -> 78.7 | J59: =J60 -> 78.8 | K59: =K60 -> 80.6
A60: Мобилизационная и вневойсковая подготовка | B60: 02 | C60: 03 | I60: =I61 -> 78.7 | J60: =J61 -> 78.8 | K60: =K61 -> 80.6
A61: Непрограммные расходы главных распорядителей средств бюджета Пушкинского сельского поселения Кадошкинского муниципального района Республики Мордовия | B61: 02 | C61: 03 | D61: 89 | I61: =I62 -> 78.7 | J61: =J62 -> 78.8 | K61: =K62 -> 80.6
A62: Непрограммные расходы в рамках обеспечения деятельности главных распорядителей средств бюджета Пушкинского сельского поселения Кадошкинского муниципального района Республики Мордовия | B62: 02 | C62: 03 | D62: 89 | E62: 1 | I62: =I63 -> 78.7 | J62: =J63 -> 78.8 | K62: =K63 -> 80.6
A63: Осуществление первичного воинского учета на территориях, где отсутствуют военные комиссариаты | B63: 02 | C63: 03 | D63: 89 | E63: 1 | F63: 00 | G63: 51180 | I63: =I64+I66 -> 78.7 | J63: =J64+J66 -> 78.8 | K63: =K64+K66 -> 80.6
A64: Расходы на выплаты персоналу в целях обеспечения выполнения функций государственными (муниципальными) органами, казенными учреждениями, органами управления государственными внебюджетными фондами | B64: 02 | C64: 03 | D64: 89 | E64: 1 | F64: 00 | G64: 51180 | H64: 100 | I64: =I65 -> 75.9 | J64: =J65 -> 74.8 | K64: =K65 -> 76.6
A65: Расходы на выплаты персоналу государственных (муниципальных) органов | B65: 02 | C65: 03 | D65: 89 | E65: 1 | F65: 00 | G65: 51180 | H65: 120 | I65: ='Прил 5'!J66 -> 75.9 | J65: ='Прил 5'!K66 -> 74.8 | K65: ='Прил 5'!L66 -> 76.6
A66: Закупка товаров, работ и услуг для обеспечения государственных (муниципальных) нужд | B66: 02 | C66: 03 | D66: 89 | E66: 1 | F66: 00 | G66: 51180 | H66: 200 | I66: =I67 -> 2.8 | J66: =J67 -> 4 | K66: =K67 -> 4
A67: Иные закупки товаров, работ и услуг для обеспечения государственных (муниципальных) нужд | B67: 02 | C67: 03 | D67: 89 | E67: 1 | F67: 00 | G67: 51180 | H67: 240 | I67: ='Прил 5'!J68 -> 2.8 | J67: ='Прил 5'!K68 -> 4 | K67: ='Прил 5'!L68 -> 4
A68: Национальная безопасность и правоохранительная деятельность | B68: 03 | I68: =I69 -> 28.028 | J68: =J69 -> 0 | K68: =K69 -> 0
A69: Защита населения и территории от чрезвычайных ситуаций природного и техногенного характера, гражданская оборона | B69: 03 | C69: 09 | I69: =I70 -> 28.028 | J69: =J70 -> 0 | K69: =K70 -> 0
A70: Непрограммные расходы главных распорядителей средств бюджета Пушкинского сельского поселения Кадошкинского муниципального района Республики Мордовия | B70: 03 | C70: 09 | D70: 89 | I70: =I71 -> 28.028 | J70: =J71 -> 0 | K70: =K71 -> 0
A71: Непрограммные расходы в рамках обеспечения деятельности главных распорядителей средств бюджета Пушкинского сельского поселения Кадошкинского муниципального района Республики Мордовия | B71: 03 | C71: 09 | D71: 89 | E71: 1 | I71: =I72+I75 -> 28.028 | J71: =J72+J75 -> 0 | K71: =K72+K75 -> 0
A72: Резервный фонд администрации Пушкинского сельского поселения Кадошкинского муниципального района Республики Мордовия | B72: 03 | C72: 09 | D72: 89 | E72: 1 | F72: 00 | G72: 41180 | I72: =I73 -> 0.278 | J72: =J73 -> 0 | K72: =K73 -> 0
A73: Закупка товаров, работ и услуг для обеспечения государственных (муниципальных) нужд | B73: 03 | C73: 09 | D73: 89 | E73: 1 | F73: 00 | G73: 41180 | H73: 200 | I73: =I74 -> 0.278 | J73: =J74 -> 0 | K73: =K74 -> 0
A74: Иные закупки товаров, работ и услуг для обеспечения государственных (муниципальных) нужд | B74: 03 | C74: 09 | D74: 89 | E74: 1 | F74: 00 | G74: 41180 | H74: 240 | I74: ='Прил 5'!J75 -> 0.278 | J74: ='Прил 5'!K75 -> 0 | K74: ='Прил 5'!L75 -> 0
A75: Резервный фонд Правительства Республики Мордовия | B75: 03 | C75: 09 | D75: 89 | E75: 1 | F75: 00 | G75: 80190 | I75: =I76 -> 27.75 | J75: =J76 -> 0 | K75: =K76 -> 0
A76: Закупка товаров, работ и услуг для обеспечения государственных (муниципальных) нужд | B76: 03 | C76: 09 | D76: 89 | E76: 1 | F76: 00 | G76: 80190 | H76: 200 | I76: =I77 -> 27.75 | J76: =J77 -> 0 | K76: =K77 -> 0
A77: Иные закупки товаров, работ и услуг для обеспечения государственных (муниципальных) нужд | B77: 03 | C77: 09 | D77: 89 | E77: 1 | F77: 00 | G77: 80190 | H77: 240 | I77: ='Прил 5'!J78 -> 27.75 | J77: ='Прил 5'!K78 -> 0 | K77: ='Прил 5'!L78 -> 0
A78: Национальная экономика | B78: 04 | I78: =I79 -> 706.8 | J78: =J79 -> 757.8 | K78: =K79 -> 814.1
A79: Дорожное хозяйство (дорожные фонды) | B79: 04 | C79: 09 | I79: =I80 -> 706.8 | J79: =J80 -> 757.8 | K79: =K80 -> 814.1
A80: Программа комплексного развития транспортной инфраструктуры Пушкинского сельского поселения Кадошкинского муниципального района Республики Мордовия на 2017-2025 годы | B80: 04 | C80: 09 | D80: 13 | I80: =I81 -> 706.8 | J80: =J81 -> 757.8 | K80: =K81 -> 814.1
A81: Осуществление полномочий по дорожной деятельности в отношении автомобильных дорог местного значения в границах населенных пунктов поселения и обеспечению безопасности дорожного движения на них | B81: 04 | C81: 09 | D81: 13 | E81: 0 | F81: 00 | G81: 44102 | I81: =I82 -> 706.8 | J81: =J82 -> 757.8 | K81: =K82 -> 814.1
A82: Закупка товаров, работ и услуг для обеспечения государственных (муниципальных) нужд | B82: 04 | C82: 09 | D82: 13 | E82: 0 | F82: 00 | G82: 44102 | H82: 200 | I82: =I83 -> 706.8 | J82: =J83 -> 757.8 | K82: =K83 -> 814.1
A83: Иные закупки товаров, работ и услуг для обеспечения государственных (муниципальных) нужд | B83: 04 | C83: 09 | D83: 13 | E83: 0 | F83: 00 | G83: 44102 | H83: 240 | I83: ='Прил 5'!J84 -> 706.8 | J83: ='Прил 5'!K84 -> 757.8 | K83: ='Прил 5'!L84 -> 814.1
A84: Жилищно-коммунальное хозяйство | B84: 05 | I84: =I85+I91 -> 159 | J84: =J85+J91 -> 94.2 | K84: =K85+K91 -> 98.1
A85: Коммунальное хозяйство | B85: 05 | C85: 02 | I85: =I86 -> 0.4 | J85: =J86 -> 0.4 | K85: =K86 -> 0.4
A86: Непрограммные расходы главных распорядителей средств бюджета Пушкинского сельского поселения Кадошкинского муниципального района Республики Мордовия | B86: 05 | C86: 02 | D86: 89 | I86: =I87 -> 0.4 | J86: =J87 -> 0.4 | K86: =K87 -> 0.4
A87: Непрограммные расходы в рамках обеспечения деятельности главных распорядителей средств бюджета Пушкинского сельского поселения Кадошкинского муниципального района Республики Мордовия | B87: 05 | C87: 02 | D87: 89 | E87: 1 | I87: =I88 -> 0.4 | J87: =J88 -> 0.4 | K87: =K88 -> 0.4
A88: Осуществление полномочий по организации в границах поселений электро-, тепло-, газо- и водоснабжения населения, водоотведения в пределах полномочий, установленных законодательством Российской Федерации | B88: 05 | C88: 02 | D88: 89 | E88: 1 | F88: 00 | G88: 44101 | I88: =I89 -> 0.4 | J88: =J89 -> 0.4 | K88: =K89 -> 0.4
A89: Закупка товаров, работ и услуг для обеспечения государственных (муниципальных) нужд | B89: 05 | C89: 02 | D89: 89 | E89: 1 | F89: 00 | G89: 44101 | H89: 200 | I89: =I90 -> 0.4 | J89: =J90 -> 0.4 | K89: =K90 -> 0.4
A90: Иные закупки товаров, работ и услуг для обеспечения государственных (муниципальных) нужд | B90: 05 | C90: 02 | D90: 89 | E90: 1 | F90: 00 | G90: 44101 | H90: 240 | I90: ='Прил 5'!J91 -> 0.4 | J90: ='Прил 5'!K91 -> 0.4 | K90: ='Прил 5'!L91 -> 0.4
A91: Благоустройство | B91: 05 | C91: 03 | I91: =I92 -> 158.6 | J91: =J92 -> 93.8 | K91: =K92 -> 97.7
A92: Непрограммные расходы главных распорядителей средств бюджета Пушкинского сельского поселения Кадошкинского муниципального района Республики Мордовия | B92: 05 | C92: 03 | D92: 89 | I92: =I93 -> 158.6 | J92: =J93 -> 93.8 | K92: =K93 -> 97.7
A93: Непрограммные расходы в рамках обеспечения деятельности главных распорядителей средств бюджета Пушкинского сельского поселения Кадошкинского муниципального района Республики Мордовия | B93: 05 | C93: 03 | D93: 89 | E93: 1 | I93: =I94+I97+I100 -> 158.6 | J93: =J94+J97+J100 -> 93.8 | K93: =K94+K97+K100 -> 97.7
A94: Уличное освещение | B94: 05 | C94: 03 | D94: 89 | E94: 1 | F94: 00 | G94: 43010 | I94: =I95 -> 70 | J94: =J95 -> 84.3 | K94: =K95 -> 87.6
A95: Закупка товаров, работ и услуг для обеспечения государственных (муниципальных) нужд | B95: 05 | C95: 03 | D95: 89 | E95: 1 | F95: 00 | G95: 43010 | H95: 200 | I95: =I96 -> 70 | J95: =J96 -> 84.3 | K95: =K96 -> 87.6
A96: Иные закупки товаров, работ и услуг для обеспечения государственных (муниципальных) нужд | B96: 05 | C96: 03 | D96: 89 | E96: 1 | F96: 00 | G96: 43010 | H96: 240 | I96: ='Прил 5'!J97 -> 70 | J96: ='Прил 5'!K97 -> 84.3 | K96: ='Прил 5'!L97 -> 87.6
A97: Прочие мероприятия по благоустройству | B97: 05 | C97: 03 | D97: 89 | E97: 1 | F97: 00 | G97: 43040 | I97: =I98 -> 58.6 | J97: =J98 -> 9.5 | K97: =K98 -> 10.1
A98: Закупка товаров, работ и услуг для обеспечения государственных (муниципальных) нужд | B98: 05 | C98: 03 | D98: 89 | E98: 1 | F98: 00 | G98: 43040 | H98: 200 | I98: =I99 -> 58.6 | J98: =J99 -> 9.5 | K98: =K99 -> 10.1
A99: Иные закупки товаров, работ и услуг для обеспечения государственных (муниципальных) нужд | B99: 05 | C99: 03 | D99: 89 | E99: 1 | F99: 00 | G99: 43040 | H99: 240 | I99: ='Прил 5'!J100 -> 58.6 | J99: ='Прил 5'!K100 -> 9.5 | K99: ='Прил 5'!L100 -> 10.1
A100: Благоустройство территории муниципального образования | B100: 05 | C100: 03 | D100: 89 | E100: 1 | F100: 00 | G100: S6270 | I100: =I101 -> 30 | J100: =J101 -> 0 | K100: =K101 -> 0
A101: Закупка товаров, работ и услуг для обеспечения государственных (муниципальных) нужд | B101: 05 | C101: 03 | D101: 89 | E101: 1 | F101: 00 | G101: S6270 | H101: 200 | I101: =I102 -> 30 | J101: =J102 -> 0 | K101: =K102 -> 0
A102: Иные закупки товаров, работ и услуг для обеспечения государственных (муниципальных) нужд | B102: 05 | C102: 03 | D102: 89 | E102: 1 | F102: 00 | G102: S6270 | H102: 240 | I102: ='Прил 5'!J103 -> 30 | J102: ='Прил 5'!K103 -> 0 | K102: ='Прил 5'!L103 -> 0
...

Sheet Прил 5
H1: Приложение 5
A3: ВЕДОМСТВЕННАЯ СТРУКТУРА РАСХОДОВ БЮДЖЕТА ПУШКИНСКОГО СЕЛЬСКОГО ПОСЕЛЕНИЯ КАДОШКИНСКОГО МУНИЦИПАЛЬНОГО РАЙОНА РЕСПУБЛИКИ МОРДОВИЯ НА 2020 ГОД И НА ПЛАНОВЫЙ ПЕРИОД 2021 И 2022 ГОДОВ
A5: Наименование | B5: Адм | C5: Рз | D5: ПРз | E5: ЦСР | I5: ВР | J5: Сумма (тыс. рублей)
J6: 2020 год | K6: 2021 год | L6: 2022 год
A7: 1 | B7: 2 | C7: 3 | D7: 4 | E7: 5 | F7: 6 | G7: 7 | H7: 8 | I7: 9 | J7: 10 | K7: 11 | L7: 12
A8: ВСЕГО | J8: =J9 -> 2196.75 | K8: =K9 -> 1600 | L8: =L9 -> 1623.2
A9: Администрация Пушкинского сельского поселения Кадошкинского муниципального района Республики Мордовия | B9: 919 | J9: =J10+J60+J79+J85+J104+J111+J69 -> 2196.75 | K9: =K10+K60+K79+K85+K104+K111 -> 1600 | L9: =L10+L60+L79+L85+L104+L111 -> 1623.2
A10: Общегосударственные вопросы | B10: 919 | C10: 01 | J10: =J11+J20+J41+J47 -> 955.322 | K10: =K11+K20+K41+K47 -> 389.6 | L10: =L11+L20+L41+L47 -> 341.9
A11: Функционирование высшего должностного лица субъекта Российской Федерации и муниципального образования | B11: 919 | C11: 01 | D11: 02 | J11: =J12 -> 323.2 | K11: =K12 -> 131.2 | L11: =L12 -> 124.3
A12: Обеспечение деятельности администрации | B12: 919 | C12: 01 | D12: 02 | E12: 65 | J12: =J13 -> 323.2 | K12: =K13 -> 131.2 | L12: =L13 -> 124.3
A13: Высшее должностное лицо | B13: 919 | C13: 01 | D13: 02 | E13: 65 | F13: 1 | J13: =J14+J17 -> 323.2 | K13: =K14+K17 -> 131.2 | L13: =L14+L17 -> 124.3
A14: Расходы на выплаты по оплате труда высшего должностного лица | B14: 919 | C14: 01 | D14: 02 | E14: 65 | F14: 1 | G14: 00 | H14: 41150 | J14: =J15 -> 113 | K14: =K15 -> 131.2 | L14: =L15 -> 124.3
A15: Расходы на выплаты персоналу в целях обеспечения выполнения функций государственными (муниципальными) органами, казенными учреждениями, органами управления государственными внебюджетными фондами | B15: 919 | C15: 01 | D15: 02 | E15: 65 | F15: 1 | G15: 00 | H15: 41150 | I15: 100 | J15: =J16 -> 113 | K15: =K16 -> 131.2 | L15: =L16 -> 124.3
A16: Расходы на выплаты персоналу государственных (муниципальных) органов | B16: 919 | C16: 01 | D16: 02 | E16: 65 | F16: 1 | G16: 00 | H16: 41150 | I16: 120 | J16: 113 | K16: 131.2 | L16: 124.3
A17: Субсидии на софинансирование расходных обязательств по финансовому обеспечению деятельности органов местного самоуправления и муниципальных учреждений | B17: 919 | C17: 01 | D17: 02 | E17: 65 | F17: 1 | G17: 00 | H17: 44205 | J17: =J18 -> 210.2 | K17: =K18 -> 0 | L17: =L18 -> 0
A18: Расходы на выплаты персоналу в целях обеспечения выполнения функций государственными (муниципальными) органами, казенными учреждениями, органами управления государственными внебюджетными фондами | B18: 919 | C18: 01 | D18: 02 | E18: 65 | F18: 1 | G18: 00 | H18: 44205 | I18: 100 | J18: =J19 -> 210.2 | K18: =K19 -> 0 | L18: =L19 -> 0
A19: Расходы на выплаты персоналу государственных (муниципальных) органов | B19: 919 | C19: 01 | D19: 02 | E19: 65 | F19: 1 | G19: 00 | H19: 44205 | I19: 120 | J19: 210.2 | K19: 0 | L19: 0
A20: Функционирование Правительства Российской Федерации, высших органов исполнительной власти субъектов Российской Федерации, местных администраций | B20: 919 | C20: 01 | D20: 04 | J20: =J21+J36 -> 628.9 | K20: =K21+K36 -> 255.9 | L20: =L21+L36 -> 215.1
A21: Обеспечение деятельности администрации | B21: 919 | C21: 01 | D21: 04 | E21: 65 | J21: =J22 -> 628.8 | K21: =K22 -> 255.8 | L21: =L22 -> 215
A22: Непрограммные расходы в рамках обеспечения деятельности администрации | B22: 919 | C22: 01 | D22: 04 | E22: 65 | F22: 2 | J22: =J24+J26+J31 -> 628.8 | K22: =K24+K26+K31 -> 255.8 | L22: =L24+L26+L31 -> 215
A23: Расходы на выплаты по оплате труда работников органов местного самоуправления | B23: 919 | C23: 01 | D23: 04 | E23: 65 | F23: 2 | G23: 00 | H23: 41110 | J23: =J24 -> 67.5 | K23: =K24 -> 192.2 | L23: =L24 -> 152.3
A24: Расходы на выплаты персоналу в целях обеспечения выполнения функций государственными (муниципальными) органами, казенными учреждениями, органами управления государственными внебюджетными фондами | B24: 919 | C24: 01 | D24: 04 | E24: 65 | F24: 2 | G24: 00 | H24: 41110 | I24: 100 | J24: =J25 -> 67.5 | K24: =K25 -> 192.2 | L24: =L25 -> 152.3
A25: Расходы на выплаты персоналу государственных (муниципальных) органов | B25: 919 | C25: 01 | D25: 04 | E25: 65 | F25: 2 | G25: 00 | H25: 41110 | I25: 120 | J25: 67.5 | K25: 192.2 | L25: 152.3
A26: Расходы на обеспечение функций органов местного самоуправленя | B26: 919 | C26: 01 | D26: 04 | E26: 65 | F26: 2 | G26: 00 | H26: 41120 | J26: =J27+J29 -> 277.2 | K26: =K27+K29 -> 63.6 | L26: =L27+L29 -> 62.7
A27: Закупка товаров, работ и услуг для обеспечения государственных (муниципальных) нужд | B27: 919 | C27: 01 | D27: 04 | E27: 65 | F27: 2 | G27: 00 | H27: 41120 | I27: 200 | J27: =J28 -> 241.7 | K27: =K28 -> 28.1 | L27: =L28 -> 27.2
A28: Иные закупки товаров, работ и услуг для обеспечения государственных (муниципальных) нужд | B28: 919 | C28: 01 | D28: 04 | E28: 65 | F28: 2 | G28: 00 | H28: 41120 | I28: 240 | J28: 241.7 | K28: 28.1 | L28: 27.2
A29: Иные бюджетные ассигнования | B29: 919 | C29: 01 | D29: 04 | E29: 65 | F29: 2 | G29: 00 | H29: 41120 | I29: 800 | J29: =J30 -> 35.5 | K29: =K30 -> 35.5 | L29: =L30 -> 35.5
A30: Уплата налогов, сборов и иных платежей | B30: 919 | C30: 01 | D30: 04 | E30: 65 | F30: 2 | G30: 00 | H30: 41120 | I30: 850 | J30: 35.5 | K30: 35.5 | L30: 35.5
A31: Субсидии на софинансирование расходных обязательств по финансовому обеспечению деятельности органов местного самоуправления и муниципальных учреждений | B31: 919 | C31: 01 | D31: 04 | E31: 65 | F31: 2 | G31: 00 | H31: 44205 | J31: =J32+J34 -> 284.1 | K31: =K32+K34 -> 0 | L31: =L32+L34 -> 0
A32: Расходы на выплаты персоналу в целях обеспечения выполнения функций государственными (муниципальными) органами, казенными учреждениями, органами управления государственными внебюджетными фондами | B32: 919 | C32: 01 | D32: 04 | E32: 65 | F32: 2 | G32: 00 | H32: 44205 | I32: 100 | J32: =J33 -> 284.1 | K32: =K33 -> 0 | L32: =L33 -> 0
A33: Расходы на выплаты персоналу государственных (муниципальных) органов | B33: 919 | C33: 01 | D33: 04 | E33: 65 | F33: 2 | G33: 00 | H33: 44205 | I33: 120 | J33: 284.1 | K33: 0 | L33: 0
A34: Закупка товаров, работ и услуг для обеспечения государственных (муниципальных) нужд | B34: 919 | C34: 01 | D34: 04 | E34: 65 | F34: 2 | G34: 00 | H34: 44205 | I34: 200 | J34: =J35 -> 0 | K34: =K35 -> 0 | L34: =L35 -> 0
A35: Иные закупки товаров, работ и услуг для обеспечения государственных (муниципальных) нужд | B35: 919 | C35: 01 | D35: 04 | E35: 65 | F35: 2 | G35: 00 | H35: 44205 | I35: 240 | J35: 0 | K35: 0 | L35: 0
A36: Непрограммные расходы главных распорядителей средств бюджета Пушкинского сельского поселения Кадошкинского муниципального района Республики Мордовия | B36: 919 | C36: 01 | D36: 04 | E36: 89 | J36: =J37 -> 0.1 | K36: =K37 -> 0.1 | L36: =L37 -> 0.1
A37: Непрограммные расходы в рамках обеспечения деятельности главных распорядителей средств бюджета Пушкинского сельского поселения Кадошкинского муниципального района Республики Мордовия | B37: 919 | C37: 01 | D37: 04 | E37: 89 | F37: 1 | J37: =J38 -> 0.1 | K37: =K38 -> 0.1 | L37: =L38 -> 0.1
A38: Осуществление государственных полномочий Республики Мордовия по определению перечня должностных лиц, уполномоченных составлять протоколы об административных правонарушениях, предусмотренных Законом Республики Мордовия от 15 июня 2015 года № 38-З "Об административной ответственности на территории Республики Мордовия" | B38: 919 | C38: 01 | D38: 04 | E38: 89 | F38: 1 | G38: 00 | H38: 77150 | J38: =J39 -> 0.1 | K38: =K39 -> 0.1 | L38: =L39 -> 0.1
A39: Закупка товаров, работ и услуг для обеспечения государственных (муниципальных) нужд | B39: 919 | C39: 01 | D39: 04 | E39: 89 | F39: 1 | G39: 00 | H39: 77150 | I39: 200 | J39: =J40 -> 0.1 | K39: =K40 -> 0.1 | L39: =L40 -> 0.1
A40: Иные закупки товаров, работ и услуг для обеспечения государственных (муниципальных) нужд | B40: 919 | C40: 01 | D40: 04 | E40: 89 | F40: 1 | G40: 00 | H40: 77150 | I40: 240 | J40: 0.1 | K40: 0.1 | L40: 0.1
A41: Резервные фонды | B41: 919 | C41: 01 | D41: 11 | J41: =J42 -> 0.722 | K41: =K42 -> 1 | L41: =L42 -> 1
A42: Непрограммные расходы главных распорядителей средств бюджета Пушкинского сельского поселения Кадошкинского муниципального района Республики Мордовия | B42: 919 | C42: 01 | D42: 11 | E42: 89 | J42: =J43 -> 0.722 | K42: =K43 -> 1 | L42: =L43 -> 1
A43: Непрограммные расходы в рамках обеспечения деятельности главных распорядителей средств бюджета Пушкинского сельского поселения Кадошкинского муниципального района Республики Мордовия | B43: 919 | C43: 01 | D43: 11 | E43: 89 | F43: 1 | J43: =J44 -> 0.722 | K43: =K44 -> 1 | L43: =L44 -> 1
A44: Резервный фонд администрации Пушкинского сельского поселения Кадошкинского муниципального района Республики Мордовия | B44: 919 | C44: 01 | D44: 11 | E44: 89 | F44: 1 | G44: 00 | H44: 41180 | J44: =J45 -> 0.722 | K44: =K45 -> 1 | L44: =L45 -> 1
A45: Иные бюджетные ассигнования | B45: 919 | C45: 01 | D45: 11 | E45: 89 | F45: 1 | G45: 00 | H45: 41180 | I45: 800 | J45: =J46 -> 0.722 | K45: =K46 -> 1 | L45: =L46 -> 1
A46: Резервные средства | B46: 919 | C46: 01 | D46: 11 | E46: 89 | F46: 1 | G46: 00 | H46: 41180 | I46: 870 | J46: 0.722 | K46: 1 | L46: 1
A47: Другие общегосударственные вопросы | B47: 919 | C47: 01 | D47: 13 | J47: =J48+J52+J56 -> 2.5 | K47: =K48+K52+K56 -> 1.5 | L47: =L48+L52+L56 -> 1.5
A48: Программа "Развитие муниципальной службы в Пушкинском сельском поселении на 2020-2022 годы" | B48: 919 | C48: 01 | D48: 13 | E48: 01 | J48: =J49 -> 1 | K48: =K49 -> 1 | L48: =L49 -> 1
A49: Подготовка, переподготовка и повышение квалификации кадров | B49: 919 | C49: 01 | D49: 13 | E49: 01 | F49: 0 | G49: 00 | H49: 41250 | J49: =J50 -> 1 | K49: =K50 -> 1 | L49: =L50 -> 1
A50: Закупка товаров, работ и услуг для обеспечения государственных (муниципальных) нужд | B50: 919 | C50: 01 | D50: 13 | E50: 01 | F50: 0 | G50: 00 | H50: 41250 | I50: 200 | J50: =J51 -> 1 | K50: =K51 -> 1 | L50: =L51 -> 1
A51: Иные закупки товаров, работ и услуг для обеспечения государственных (муниципальных) нужд | B51: 919 | C51: 01 | D51: 13 | E51: 01 | F51: 0 | G51: 00 | H51: 41250 | I51: 240 | J51: 1 | K51: 1 | L51: 1
A52: Программа "Пожарная безопасность на территории Пушкинского сельского поселения Кадошкинского муниципального района Республики Мордовия на 2020-2022г.г." | B52: 919 | C52: 01 | D52: 13 | E52: 08 | J52: =J53 -> 0.5 | K52: =K53 -> 0.5 | L52: =L53 -> 0.5
A53: Мероприятия по обеспечению пожарной безопасности | B53: 919 | C53: 01 | D53: 13 | E53: 08 | F53: 0 | G53: 00 | H53: 42120 | J53: =J54 -> 0.5 | K53: =K54 -> 0.5 | L53: =L54 -> 0.5
A54: Закупка товаров, работ и услуг для обеспечения государственных (муниципальных) нужд | B54: 919 | C54: 01 | D54: 13 | E54: 08 | F54: 0 | G54: 00 | H54: 42120 | I54: 200 | J54: =J55 -> 0.5 | K54: =K55 -> 0.5 | L54: =L55 -> 0.5
A55: Иные закупки товаров, работ и услуг для обеспечения государственных (муниципальных) нужд | B55: 919 | C55: 01 | D55: 13 | E55: 08 | F55: 0 | G55: 00 | H55: 42120 | I55: 240 | J55: 0.5 | K55: 0.5 | L55: 0.5
A56: Программа "Гармонизация межнациональных и межконфессиальных отношений в Пушкинском сельском поселении Кадошкинского муниципального района на 2016-2020 годы" | B56: 919 | C56: 01 | D56: 13 | E56: 24 | J56: =J57 -> 1 | K56: =K57 -> 0 | L56: =L57 -> 0
A57: Мероприятия, направленные на развитие межнациональных отношений | B57: 919 | C57: 01 | D57: 13 | E57: 24 | F57: 0 | G57: 00 | H57: 42310 | J57: =J58 -> 1 | K57: =K58 -> 0 | L57: =L58 -> 0
A58: Закупка товаров, работ и услуг для обеспечения государственных (муниципальных) нужд | B58: 919 | C58: 01 | D58: 13 | E58: 24 | F58: 0 | G58: 00 | H58: 42310 | I58: 200 | J58: =J59 -> 1 | K58: =K59 -> 0 | L58: =L59 -> 0
A59: Иные закупки товаров, работ и услуг для обеспечения государственных (муниципальных) нужд | B59: 919 | C59: 01 | D59: 13 | E59: 24 | F59: 0 | G59: 00 | H59: 42310 | I59: 240 | J59: 1 | K59: 0 | L59: 0
A60: Национальная оборона | B60: 919 | C60: 02 | J60: =J61 -> 78.7 | K60: =K61 -> 78.8 | L60: =L61 -> 80.6
A61: Мобилизационная и вневойсковая подготовка | B61: 919 | C61: 02 | D61: 03 | J61: =J64 -> 78.7 | K61: =K64 -> 78.8 | L61: =L64 -> 80.6
A62: Непрограммные расходы главных распорядителей средств бюджета Пушкинского сельского поселения Кадошкинского муниципального района Республики Мордовия | B62: 919 | C62: 02 | D62: 03 | E62: 89 | J62: =J63 -> 78.7 | K62: =K63 -> 78.8 | L62: =L63 -> 80.6
A63: Непрограммные расходы в рамках обеспечения деятельности главных распорядителей средств бюджета Пушкинского сельского поселения Кадошкинского муниципального района Республики Мордовия | B63: 919 | C63: 02 | D63: 03 | E63: 89 | F63: 1 | J63: =J64 -> 78.7 | K63: =K64 -> 78.8 | L63: =L64 -> 80.6
A64: Осуществление первичного воинского учета на территориях, где отсутствуют военные комиссариаты | B64: 919 | C64: 02 | D64: 03 | E64: 89 | F64: 1 | G64: 00 | H64: 51180 | J64: =J65+J67 -> 78.7 | K64: =K65+K67 -> 78.8 | L64: =L65+L67 -> 80.6
A65: Расходы на выплаты персоналу в целях обеспечения выполнения функций государственными (муниципальными) органами, казенными учреждениями, органами управления государственными внебюджетными фондами | B65: 919 | C65: 02 | D65: 03 | E65: 89 | F65: 1 | G65: 00 | H65: 51180 | I65: 100 | J65: =J66 -> 75.9 | K65: =K66 -> 74.8 | L65: =L66 -> 76.6
A66: Расходы на выплаты персоналу государственных (муниципальных) органов | B66: 919 | C66: 02 | D66: 03 | E66: 89 | F66: 1 | G66: 00 | H66: 51180 | I66: 120 | J66: 75.9 | K66: 74.8 | L66: 76.6
A67: Закупка товаров, работ и услуг для обеспечения государственных (муниципальных) нужд | B67: 919 | C67: 02 | D67: 03 | E67: 89 | F67: 1 | G67: 00 | H67: 51180 | I67: 200 | J67: =J68 -> 2.8 | K67: =K68 -> 4 | L67: =L68 -> 4
A68: Иные закупки товаров, работ и услуг для обеспечения государственных (муниципальных) нужд | B68: 919 | C68: 02 | D68: 03 | E68: 89 | F68: 1 | G68: 00 | H68: 51180 | I68: 240 | J68: 2.8 | K68: 4 | L68: 4
A69: Национальная безопасность и правоохранительная деятельность | B69: 919 | C69: 03 | J69: =J70 -> 28.028 | K69: =K70 -> 0 | L69: =L70 -> 0
A70: Защита населения и территории от чрезвычайных ситуаций природного и техногенного характера, гражданская оборона | B70: 919 | C70: 03 | D70: 09 | J70: =J71 -> 28.028 | K70: =K71 -> 0 | L70: =L71 -> 0
A71: Непрограммные расходы главных распорядителей средств бюджета Пушкинского сельского поселения Кадошкинского муниципального района Республики Мордовия | B71: 919 | C71: 03 | D71: 09 | E71: 89 | J71: =J72 -> 28.028 | K71: =K72 -> 0 | L71: =L72 -> 0
A72: Непрограммные расходы в рамках обеспечения деятельности главных распорядителей средств бюджета Пушкинского сельского поселения Кадошкинского муниципального района Республики Мордовия | B72: 919 | C72: 03 | D72: 09 | E72: 89 | F72: 1 | J72: =J73+J76 -> 28.028 | K72: =K73+K76 -> 0 | L72: =L73+L76 -> 0
A73: Резервный фонд администрации Пушкинского сельского поселения Кадошкинского муниципального района Республики Мордовия | B73: 919 | C73: 03 | D73: 09 | E73: 89 | F73: 1 | G73: 00 | H73: 41180 | J73: =J74 -> 0.278 | K73: =K74 -> 0 | L73: =L74 -> 0
A74: Закупка товаров, работ и услуг для обеспечения государственных (муниципальных) нужд | B74: 919 | C74: 03 | D74: 09 | E74: 89 | F74: 1 | G74: 00 | H74: 41180 | I74: 200 | J74: =J75 -> 0.278 | K74: =K75 -> 0 | L74: =L75 -> 0
A75: Иные закупки товаров, работ и услуг для обеспечения государственных (муниципальных) нужд | B75: 919 | C75: 03 | D75: 09 | E75: 89 | F75: 1 | G75: 00 | H75: 41180 | I75: 240 | J75: 0.278 | K75: 0 | L75: 0
A76: Резервный фонд Правительства Республики Мордовия | B76: 919 | C76: 03 | D76: 09 | E76: 89 | F76: 1 | G76: 00 | H76: 80190 | J76: =J77 -> 27.75 | K76: =K77 -> 0 | L76: =L77 -> 0
A77: Закупка товаров, работ и услуг для обеспечения государственных (муниципальных) нужд | B77: 919 | C77: 03 | D77: 09 | E77: 89 | F77: 1 | G77: 00 | H77: 80190 | I77: 200 | J77: =J78 -> 27.75 | K77: =K78 -> 0 | L77: =L78 -> 0
A78: Иные закупки товаров, работ и услуг для обеспечения государственных (муниципальных) нужд | B78: 919 | C78: 03 | D78: 09 | E78: 89 | F78: 1 | G78: 00 | H78: 80190 | I78: 240 | J78: 27.75 | K78: 0 | L78: 0
A79: Национальная экономика | B79: 919 | C79: 04 | J79: =J80 -> 706.8 | K79: =K80 -> 757.8 | L79: =L80 -> 814.1
A80: Дорожное хозяйство (дорожные фонды) | B80: 919 | C80: 04 | D80: 09 | J80: =J81 -> 706.8 | K80: =K81 -> 757.8 | L80: =L81 -> 814.1
A81: Программа комплексного развития транспортной инфраструктуры Пушкинского сельского поселения Кадошкинского муниципального района Республики Мордовия на 2017-2025 годы | B81: 919 | C81: 04 | D81: 09 | E81: 13 | J81: =J82 -> 706.8 | K81: =K82 -> 757.8 | L81: =L82 -> 814.1
A82: Осуществление полномочий по дорожной деятельности в отношении автомобильных дорог местного значения в границах населенных пунктов поселения и обеспечению безопасности дорожного движения на них | B82: 919 | C82: 04 | D82: 09 | E82: 13 | F82: 0 | G82: 00 | H82: 44102 | J82: =J83 -> 706.8 | K82: =K83 -> 757.8 | L82: =L83 -> 814.1
A83: Закупка товаров, работ и услуг для обеспечения государственных (муниципальных) нужд | B83: 919 | C83: 04 | D83: 09 | E83: 13 | F83: 0 | G83: 00 | H83: 44102 | I83: 200 | J83: =J84 -> 706.8 | K83: =K84 -> 757.8 | L83: =L84 -> 814.1
A84: Иные закупки товаров, работ и услуг для обеспечения государственных (муниципальных) нужд | B84: 919 | C84: 04 | D84: 09 | E84: 13 | F84: 0 | G84: 00 | H84: 44102 | I84: 240 | J84: 706.8 | K84: 757.8 | L84: 814.1
A85: Жилищно-коммунальное хозяйство | B85: 919 | C85: 05 | J85: =J86+J92 -> 159 | K85: =K86+K92 -> 94.2 | L85: =L86+L92 -> 98.1
A86: Коммунальное хозяйство | B86: 919 | C86: 05 | D86: 02 | J86: =J87 -> 0.4 | K86: =K87 -> 0.4 | L86: =L87 -> 0.4
A87: Непрограммные расходы главных распорядителей средств бюджета Пушкинского сельского поселения Кадошкинского муниципального района Республики Мордовия | B87: 919 | C87: 05 | D87: 02 | E87: 89 | J87: =J88 -> 0.4 | K87: =K88 -> 0.4 | L87: =L88 -> 0.4
A88: Непрограммные расходы в рамках обеспечения деятельности главных распорядителей средств бюджета Пушкинского сельского поселения Кадошкинского муниципального района Республики Мордовия | B88: 919 | C88: 05 | D88: 02 | E88: 89 | F88: 1 | J88: =J89 -> 0.4 | K88: =K89 -> 0.4 | L88: =L89 -> 0.4
A89: Осуществление полномочий по организации в границах поселений электро-, тепло-, газо- и водоснабжения населения, водоотведения в пределах полномочий, установленных законодательством Российской Федерации | B89: 919 | C89: 05 | D89: 02 | E89: 89 | F89: 1 | G89: 00 | H89: 44101 | J89: =J90 -> 0.4 | K89: =K90 -> 0.4 | L89: =L90 -> 0.4
A90: Закупка товаров, работ и услуг для обеспечения государственных (муниципальных) нужд | B90: 919 | C90: 05 | D90: 02 | E90: 89 | F90: 1 | G90: 00 | H90: 44101 | I90: 200 | J90: =J91 -> 0.4 | K90: =K91 -> 0.4 | L90: =L91 -> 0.4
A91: Иные закупки товаров, работ и услуг для обеспечения государственных (муниципальных) нужд | B91: 919 | C91: 05 | D91: 02 | E91: 89 | F91: 1 | G91: 00 | H91: 44101 | I91: 240 | J91: 0.4 | K91: 0.4 | L91: 0.4
A92: Благоустройство | B92: 919 | C92: 05 | D92: 03 | J92: =J93 -> 158.6 | K92: =K93 -> 93.8 | L92: =L93 -> 97.7
A93: Непрограммные расходы главных распорядителей средств бюджета Пушкинского сельского поселения Кадошкинского муниципального района Республики Мордовия | B93: 919 | C93: 05 | D93: 03 | E93: 89 | J93: =J94 -> 158.6 | K93: =K94 -> 93.8 | L93: =L94 -> 97.7
A94: Непрограммные расходы в рамках обеспечения деятельности главных распорядителей средств бюджета Пушкинского сельского поселения Кадошкинского муниципального района Республики Мордовия | B94: 919 | C94: 05 | D94: 03 | E94: 89 | F94: 1 | J94: =J95+J98+J101 -> 158.6 | K94: =K95+K98+K101 -> 93.8 | L94: =L95+L98+L101 -> 97.7
A95: Уличное освещение | B95: 919 | C95: 05 | D95: 03 | E95: 89 | F95: 1 | G95: 00 | H95: 43010 | J95: =J96 -> 70 | K95: =K96 -> 84.3 | L95: =L96 -> 87.6
A96: Закупка товаров, работ и услуг для обеспечения государственных (муниципальных) нужд | B96: 919 | C96: 05 | D96: 03 | E96: 89 | F96: 1 | G96: 00 | H96: 43010 | I96: 200 | J96: =J97 -> 70 | K96: =K97 -> 84.3 | L96: =L97 -> 87.6
A97: Иные закупки товаров, работ и услуг для обеспечения государственных (муниципальных) нужд | B97: 919 | C97: 05 | D97: 03 | E97: 89 | F97: 1 | G97: 00 | H97: 43010 | I97: 240 | J97: 70 | K97: 84.3 | L97: 87.6
A98: Прочие мероприятия по благоустройству | B98: 919 | C98: 05 | D98: 03 | E98: 89 | F98: 1 | G98: 00 | H98: 43040 | J98: =J99 -> 58.6 | K98: =K99 -> 9.5 | L98: =L99 -> 10.1
A99: Закупка товаров, работ и услуг для обеспечения государственных (муниципальных) нужд | B99: 919 | C99: 05 | D99: 03 | E99: 89 | F99: 1 | G99: 00 | H99: 43040 | I99: 200 | J99: =J100 -> 58.6 | K99: =K100 -> 9.5 | L99: =L100 -> 10.1
A100: Иные закупки товаров, работ и услуг для обеспечения государственных (муниципальных) нужд | B100: 919 | C100: 05 | D100: 03 | E100: 89 | F100: 1 | G100: 00 | H100: 43040 | I100: 240 | J100: 58.6 | K100: 9.5 | L100: 10.1
A101: Благоустройство территории муниципального образования | B101: 919 | C101: 05 | D101: 03 | E101: 89 | F101: 1 | G101: 00 | H101: S6270 | J101: =J102 -> 30 | K101: =K102 -> 0 | L101: =L102 -> 0
A102: Закупка товаров, работ и услуг для обеспечения государственных (муниципальных) нужд | B102: 919 | C102: 05 | D102: 03 | E102: 89 | F102: 1 | G102: 00 | H102: S6270 | I102: 200 | J102: =J103 -> 30 | K102: =K103 -> 0 | L102: =L103 -> 0
...

Sheet Прил 6
I1: Приложение 6
A3: РАСПРЕДЕЛЕНИЕ БЮДЖЕТНЫХ АССИГНОВАНИЙ БЮДЖЕТА ПУШКИНСКОГО СЕЛЬСКОГО ПОСЕЛЕНИЯ КАДОШКИНСКОГО МУНИЦИПАЛЬНОГО РАЙОНА РЕСПУБЛИКИ МОРДОВИЯ ПО ЦЕЛЕВЫМ СТАТЬЯМ, ГРУППАМ (ГРУППАМ И ПОДГРУППАМ) ВИДОВ РАСХОДОВ КЛАССИФИКАЦИИ РАСХОДОВ БЮДЖЕТОВ, А ТАКЖЕ ПО РАЗДЕЛАМ И ПОДРАЗДЕЛАМ КЛАССИФИКАЦИИ РАСХОДОВ БЮДЖЕТОВ НА 2020 ГОД И НА ПЛАНОВЫЙ ПЕРИОД 2021 И 2022 ГОДОВ
A5: Наименование | B5: ЦСР | F5: ВР | G5: Рз | H5: ПРз | I5: Адм | J5: Сумма (тыс. рублей)
J6: 2020 год | K6: 2021 год | L6: 2022 год
A7: 1 | B7: 2 | C7: 3 | D7: 4 | E7: 5 | F7: 6 | G7: 7 | H7: 8 | I7: 9 | J7: 10 | K7: 11 | L7: 12
A8: ВСЕГО | J8: =J37+J80+J9+J16+J23+J30 -> 2196.75 | K8: =K37+K80+K9+K16+K23+K30 -> 1600 | L8: =L37+L80+L9+L16+L23+L30 -> 1623.2
A9: Программа "Развитие муниципальной службы в Паевском сельском поселении на 2020-2022 годы" | B9: 01 | J9: =J10 -> 1 | K9: =K10 -> 1 | L9: =L10 -> 1
A10: Подготовка, переподготовка и повышение квалификации кадров | B10: 01 | C10: 0 | D10: 00 | E10: 41250 | J10: =J11 -> 1 | K10: =K11 -> 1 | L10: =L11 -> 1
A11: Закупка товаров, работ и услуг для обеспечения государственных (муниципальных) нужд | B11: 01 | C11: 0 | D11: 00 | E11: 41250 | F11: 200 | J11: =J12 -> 1 | K11: =K12 -> 1 | L11: =L12 -> 1
A12: Иные закупки товаров, работ и услуг для обеспечения государственных (муниципальных) нужд | B12: 01 | C12: 0 | D12: 00 | E12: 41250 | F12: 240 | J12: =J13 -> 1 | K12: =K13 -> 1 | L12: =L13 -> 1
A13: Общегосударственные вопросы | B13: 01 | C13: 0 | D13: 00 | E13: 41250 | F13: 240 | G13: 01 | J13: =J14 -> 1 | K13: =K14 -> 1 | L13: =L14 -> 1
A14: Другие общегосударственные вопросы | B14: 01 | C14: 0 | D14: 00 | E14: 41250 | F14: 240 | G14: 01 | H14: 13 | J14: =J15 -> 1 | K14: =K15 -> 1 | L14: =L15 -> 1
A15: Администрация Пушкинского сельского поселения Кадошкинского муниципального района Республики Мордовия | B15: 01 | C15: 0 | D15: 00 | E15: 41250 | F15: 240 | G15: 01 | H15: 13 | I15: 919 | J15: ='Прил 5'!J51 -> 1 | K15: ='Прил 5'!K51 -> 1 | L15: ='Прил 5'!L51 -> 1
A16: Программа "Пожарная безопасность на территории Пушкинского сельского поселения Кадошкинского муниципального района Республики Мордовия на 2020-2022г.г." | B16: 08 | J16: =J17 -> 0.5 | K16: =K17 -> 0.5 | L16: =L17 -> 0.5
A17: Мероприятия по обеспечению пожарной безопасности | B17: 08 | C17: 0 | D17: 00 | E17: 42120 | J17: =J18 -> 0.5 | K17: =K18 -> 0.5 | L17: =L18 -> 0.5
A18: Закупка товаров, работ и услуг для обеспечения государственных (муниципальных) нужд | B18: 08 | C18: 0 | D18: 00 | E18: 42120 | F18: 200 | J18: =J19 -> 0.5 | K18: =K19 -> 0.5 | L18: =L19 -> 0.5
A19: Иные закупки товаров, работ и услуг для обеспечения государственных (муниципальных) нужд | B19: 08 | C19: 0 | D19: 00 | E19: 42120 | F19: 240 | J19: =J20 -> 0.5 | K19: =K20 -> 0.5 | L19: =L20 -> 0.5
A20: Общегосударственные вопросы | B20: 08 | C20: 0 | D20: 00 | E20: 42120 | F20: 240 | G20: 01 | J20: =J21 -> 0.5 | K20: =K21 -> 0.5 | L20: =L21 -> 0.5
A21: Другие общегосударственные вопросы | B21: 08 | C21: 0 | D21: 00 | E21: 42120 | F21: 240 | G21: 01 | H21: 13 | J21: =J22 -> 0.5 | K21: =K22 -> 0.5 | L21: =L22 -> 0.5
A22: Администрация Пушкинского сельского поселения Кадошкинского муниципального района Республики Мордовия | B22: 08 | C22: 0 | D22: 00 | E22: 42120 | F22: 240 | G22: 01 | H22: 13 | I22: 919 | J22: ='Прил 5'!J55 -> 0.5 | K22: ='Прил 5'!K55 -> 0.5 | L22: ='Прил 5'!L55 -> 0.5
A23: Программа комплексного развития транспортной инфраструктуры Пушкинского сельского поселения Кадошкинского муниципального района Республики Мордовия на 2017-2025 годы | B23: 13 | J23: =J24 -> 706.8 | K23: =K24 -> 757.8 | L23: =L24 -> 814.1
A24: Осуществление полномочий по дорожной деятельности в отношении автомобильных дорог местного значения в границах населенных пунктов поселения и обеспечению безопасности дорожного движения на них | B24: 13 | C24: 0 | D24: 00 | E24: 44102 | J24: =J25 -> 706.8 | K24: =K25 -> 757.8 | L24: =L25 -> 814.1
A25: Иные закупки товаров, работ и услуг для обеспечения государственных (муниципальных) нужд | B25: 13 | C25: 0 | D25: 00 | E25: 44102 | F25: 200 | J25: =J26 -> 706.8 | K25: =K26 -> 757.8 | L25: =L26 -> 814.1
A26: Прочая закупка товаров, работ и услуг | B26: 13 | C26: 0 | D26: 00 | E26: 44102 | F26: 240 | J26: =J27 -> 706.8 | K26: =K27 -> 757.8 | L26: =L27 -> 814.1
A27: Национальная экономика | B27: 13 | C27: 0 | D27: 00 | E27: 44102 | F27: 240 | G27: 04 | J27: =J28 -> 706.8 | K27: =K28 -> 757.8 | L27: =L28 -> 814.1
A28: Дорожное хозяйство (дорожные фонды) | B28: 13 | C28: 0 | D28: 00 | E28: 44102 | F28: 240 | G28: 04 | H28: 09 | J28: =J29 -> 706.8 | K28: =K29 -> 757.8 | L28: =L29 -> 814.1
A29: Администрация Пушкинского сельского поселения Кадошкинского муниципального района Республики Мордовия | B29: 13 | C29: 0 | D29: 00 | E29: 44102 | F29: 240 | G29: 04 | H29: 09 | I29: 919 | J29: ='Прил 5'!J84 -> 706.8 | K29: ='Прил 5'!K84 -> 757.8 | L29: ='Прил 5'!L84 -> 814.1
A30: Программа "Гармонизация межнациональных и межконфессиальных отношений в Пушкинском сельском поселении Кадошкинского муниципального района на 2016-2020 годы" | B30: 24 | J30: =J31 -> 1 | K30: =K31 -> 0 | L30: =L31 -> 0
A31: Мероприятия, направленные на развитие межнациональных отношений | B31: 24 | C31: 0 | D31: 00 | E31: 42310 | J31: =J32 -> 1 | K31: =K32 -> 0 | L31: =L32 -> 0
A32: Закупка товаров, работ и услуг для обеспечения государственных (муниципальных) нужд | B32: 24 | C32: 0 | D32: 00 | E32: 42310 | F32: 200 | J32: =J33 -> 1 | K32: =K33 -> 0 | L32: =L33 -> 0
A33: Иные закупки товаров, работ и услуг для обеспечения государственных (муниципальных) нужд | B33: 24 | C33: 0 | D33: 00 | E33: 42310 | F33: 240 | J33: =J34 -> 1 | K33: =K34 -> 0 | L33: =L34 -> 0
A34: Общегосударственные вопросы | B34: 24 | C34: 0 | D34: 00 | E34: 42310 | F34: 240 | G34: 01 | J34: =J35 -> 1 | K34: =K35 -> 0 | L34: =L35 -> 0
A35: Другие общегосударственные вопросы | B35: 24 | C35: 0 | D35: 00 | E35: 42310 | F35: 240 | G35: 01 | H35: 13 | J35: =J36 -> 1 | K35: =K36 -> 0 | L35: =L36 -> 0
A36: Администрация Пушкинского сельского поселения Кадошкинского муниципального района Республики Мордовия | B36: 24 | C36: 0 | D36: 00 | E36: 42310 | F36: 240 | G36: 01 | H36: 13 | I36: 919 | J36: ='Прил 5'!J59 -> 1 | K36: ='Прил 5'!K59 -> 0 | L36: ='Прил 5'!L59 -> 0
A37: Обеспечение деятельности администрации | B37: 65 | J37: =J38+J51 -> 952 | K37: =K38+K51 -> 387 | L37: =L38+L51 -> 339.3
A38: Высшее должностное лицо | B38: 65 | C38: 1 | J38: =J39+J45 -> 323.2 | K38: =K39+K45 -> 131.2 | L38: =L39+L45 -> 124.3
A39: Расходы на выплаты по оплате труда высшего должностного лица муниципального образования | B39: 65 | C39: 1 | D39: 00 | E39: 41150 | J39: =J42 -> 113 | K39: =K42 -> 131.2 | L39: =L42 -> 124.3
A40: Расходы на выплаты персоналу в целях обеспечения выполнения функций государственными (муниципальными) органами, казенными учреждениями, органами управления государственными внебюджетными фондами | B40: 65 | C40: 1 | D40: 00 | E40: 41150 | F40: 100 | J40: =J41 -> 113 | K40: =K41 -> 131.2 | L40: =L41 -> 124.3
A41: Расходы на выплаты персоналу государственных (муниципальных) органов | B41: 65 | C41: 1 | D41: 00 | E41: 41150 | F41: 120 | J41: =J42 -> 113 | K41: =K42 -> 131.2 | L41: =L42 -> 124.3
A42: Общегосударственные вопросы | B42: 65 | C42: 1 | D42: 00 | E42: 41150 | F42: 120 | G42: 01 | J42: =J43 -> 113 | K42: =K43 -> 131.2 | L42: =L43 -> 124.3
A43: Функционирование высшего должностного лица субъекта Российской Федерации и муниципального образования | B43: 65 | C43: 1 | D43: 00 | E43: 41150 | F43: 120 | G43: 01 | H43: 02 | J43: =J44 -> 113 | K43: =K44 -> 131.2 | L43: =L44 -> 124.3
A44: Администрация Пушкинского сельского поселения Кадошкинского муниципального района Республики Мордовия | B44: 65 | C44: 1 | D44: 00 | E44: 41150 | F44: 120 | G44: 01 | H44: 02 | I44: 919 | J44: ='Прил 5'!J16 -> 113 | K44: ='Прил 5'!K16 -> 131.2 | L44: ='Прил 5'!L16 -> 124.3
A45: Субсидии на софинансирование расходных обязательств по финансовому обеспечению деятельности органов местного самоуправления и муниципальных учреждений | B45: 65 | C45: 1 | D45: 00 | E45: 44205 | J45: =J46 -> 210.2 | K45: =K46 -> 0 | L45: =L46 -> 0
A46: Расходы на выплаты персоналу в целях обеспечения выполнения функций государственными (муниципальными) органами, казенными учреждениями, органами управления государственными внебюджетными фондами | B46: 65 | C46: 1 | D46: 00 | E46: 44205 | F46: 100 | J46: =J47 -> 210.2 | K46: =K47 -> 0 | L46: =L47 -> 0
A47: Расходы на выплаты персоналу государственных (муниципальных) органов | B47: 65 | C47: 1 | D47: 00 | E47: 44205 | F47: 120 | J47: =J48 -> 210.2 | K47: =K48 -> 0 | L47: =L48 -> 0
A48: Общегосударственные вопросы | B48: 65 | C48: 1 | D48: 00 | E48: 44205 | F48: 120 | G48: 01 | J48: =J49 -> 210.2 | K48: =K49 -> 0 | L48: =L49 -> 0
A49: Функционирование высшего должностного лица субъекта Российской Федерации и муниципального образования | B49: 65 | C49: 1 | D49: 00 | E49: 44205 | F49: 120 | G49: 01 | H49: 02 | J49: =J50 -> 210.2 | K49: =K50 -> 0 | L49: =L50 -> 0
A50: Администрация Пушкинского сельского поселения Кадошкинского муниципального района Республики Мордовия | B50: 65 | C50: 1 | D50: 00 | E50: 44205 | F50: 120 | G50: 01 | H50: 02 | I50: 919 | J50: ='Прил 5'!J19 -> 210.2 | K50: ='Прил 5'!K19 -> 0 | L50: ='Прил 5'!L19 -> 0
A51: Непрограммные расходы в рамках обеспечения деятельности администрации | B51: 65 | C51: 2 | J51: =J52+J58+J69 -> 628.8 | K51: =K52+K58+K69 -> 255.8 | L51: =L52+L58+L69 -> 215
A52: Расходы на выплаты по оплате труда работников органов местного самоуправления | B52: 65 | C52: 2 | D52: 00 | E52: 41110 | J52: =J53 -> 67.5 | K52: =K55 -> 192.2 | L52: =L55 -> 152.3
A53: Расходы на выплаты персоналу в целях обеспечения выполнения функций государственными (муниципальными) органами, казенными учреждениями, органами управления государственными внебюджетными фондами | B53: 65 | C53: 2 | D53: 00 | E53: 41110 | F53: 100 | J53: =J54 -> 67.5 | K53: =K54 -> 192.2 | L53: =L54 -> 152.3
A54: Расходы на выплаты персоналу государственных (муниципальных) органов | B54: 65 | C54: 2 | D54: 00 | E54: 41110 | F54: 120 | J54: =J55 -> 67.5 | K54: =K55 -> 192.2 | L54: =L55 -> 152.3
A55: Общегосударственные вопросы | B55: 65 | C55: 2 | D55: 00 | E55: 41110 | F55: 120 | G55: 01 | J55: =J56 -> 67.5 | K55: =K56 -> 192.2 | L55: =L56 -> 152.3
A56: Функционирование Правительства Российской Федерации, высших органов исполнительной власти субъектов Российской Федерации, местных администраций | B56: 65 | C56: 2 | D56: 00 | E56: 41110 | F56: 120 | G56: 01 | H56: 04 | J56: =J57 -> 67.5 | K56: =K57 -> 192.2 | L56: =L57 -> 152.3
A57: Администрация Пушкинского сельского поселения Кадошкинского муниципального района Республики Мордовия | B57: 65 | C57: 2 | D57: 00 | E57: 41110 | F57: 120 | G57: 01 | H57: 04 | I57: 919 | J57: ='Прил 5'!J25 -> 67.5 | K57: ='Прил 5'!K25 -> 192.2 | L57: ='Прил 5'!L25 -> 152.3
A58: Расходы на обеспечение функций органов местного самоуправленя | B58: 65 | C58: 2 | D58: 00 | E58: 41120 | J58: =J61+J64 -> 277.2 | K58: =K61+K64 -> 63.6 | L58: =L61+L64 -> 62.7
A59: Закупка товаров, работ и услуг для обеспечения государственных (муниципальных) нужд | B59: 65 | C59: 2 | D59: 00 | E59: 41120 | F59: 200 | J59: =J60 -> 241.7 | K59: =K60 -> 28.1 | L59: =L60 -> 27.2
A60: Иные закупки товаров, работ и услуг для обеспечения государственных (муниципальных) нужд | B60: 65 | C60: 2 | D60: 00 | E60: 41120 | F60: 240 | J60: =J61 -> 241.7 | K60: =K61 -> 28.1 | L60: =L61 -> 27.2
A61: Общегосударственные вопросы | B61: 65 | C61: 2 | D61: 00 | E61: 41120 | F61: 240 | G61: 01 | J61: =J62 -> 241.7 | K61: =K62 -> 28.1 | L61: =L62 -> 27.2
A62: Функционирование Правительства Российской Федерации, высших органов исполнительной власти субъектов Российской Федерации, местных администраций | B62: 65 | C62: 2 | D62: 00 | E62: 41120 | F62: 240 | G62: 01 | H62: 04 | J62: =J63 -> 241.7 | K62: =K63 -> 28.1 | L62: =L63 -> 27.2
A63: Администрация Пушкинского сельского поселения Кадошкинского муниципального района Республики Мордовия | B63: 65 | C63: 2 | D63: 00 | E63: 41120 | F63: 240 | G63: 01 | H63: 04 | I63: 919 | J63: ='Прил 5'!J27 -> 241.7 | K63: ='Прил 5'!K27 -> 28.1 | L63: ='Прил 5'!L27 -> 27.2
A64: Закупка товаров, работ и услуг для обеспечения государственных (муниципальных) нужд | B64: 65 | C64: 2 | D64: 00 | E64: 41120 | F64: 800 | J64: =J65 -> 35.5 | K64: =K65 -> 35.5 | L64: =L65 -> 35.5
A65: Иные закупки товаров, работ и услуг для обеспечения государственных (муниципальных) нужд | B65: 65 | C65: 2 | D65: 00 | E65: 41120 | F65: 850 | J65: =J66 -> 35.5 | K65: =K66 -> 35.5 | L65: =L66 -> 35.5
A66: Общегосударственные вопросы | B66: 65 | C66: 2 | D66: 00 | E66: 41120 | F66: 850 | G66: 01 | J66: =J67 -> 35.5 | K66: =K67 -> 35.5 | L66: =L67 -> 35.5
A67: Функционирование Правительства Российской Федерации, высших органов исполнительной власти субъектов Российской Федерации, местных администраций | B67: 65 | C67: 2 | D67: 00 | E67: 41120 | F67: 850 | G67: 01 | H67: 04 | J67: =J68 -> 35.5 | K67: =K68 -> 35.5 | L67: =L68 -> 35.5
A68: Администрация Пушкинского сельского поселения Кадошкинского муниципального района Республики Мордовия | B68: 65 | C68: 2 | D68: 00 | E68: 41120 | F68: 850 | G68: 01 | H68: 04 | I68: 919 | J68: ='Прил 5'!J29 -> 35.5 | K68: ='Прил 5'!K29 -> 35.5 | L68: ='Прил 5'!L29 -> 35.5
A69: Субсидии на софинансирование расходных обязательств по финансовому обеспечению деятельности органов местного самоуправления и муниципальных учреждений | B69: 65 | C69: 2 | D69: 00 | E69: 44205 | J69: =J70+J75 -> 284.1 | K69: =K70+K75 -> 0 | L69: =L70+L75 -> 0
A70: Расходы на выплаты персоналу в целях обеспечения выполнения функций государственными (муниципальными) органами, казенными учреждениями, органами управления государственными внебюджетными фондами | B70: 65 | C70: 2 | D70: 00 | E70: 44205 | F70: 100 | J70: =J71 -> 284.1 | K70: =K71 -> 0 | L70: =L71 -> 0
A71: Расходы на выплаты персоналу государственных (муниципальных) органов | B71: 65 | C71: 2 | D71: 00 | E71: 44205 | F71: 120 | J71: =J72 -> 284.1 | K71: =K72 -> 0 | L71: =L72 -> 0
A72: Общегосударственные вопросы | B72: 65 | C72: 2 | D72: 00 | E72: 44205 | F72: 120 | G72: 01 | J72: =J73 -> 284.1 | K72: =K73 -> 0 | L72: =L73 -> 0
A73: Функционирование Правительства Российской Федерации, высших органов исполнительной власти субъектов Российской Федерации, местных администраций | B73: 65 | C73: 2 | D73: 00 | E73: 44205 | F73: 120 | G73: 01 | H73: 04 | J73: =J74 -> 284.1 | K73: =K74 -> 0 | L73: =L74 -> 0
A74: Администрация Пушкинского сельского поселения Кадошкинского муниципального района Республики Мордовия | B74: 65 | C74: 2 | D74: 00 | E74: 44205 | F74: 120 | G74: 01 | H74: 04 | I74: 919 | J74: ='Прил 5'!J33 -> 284.1 | K74: ='Прил 5'!K33 -> 0 | L74: ='Прил 5'!L33 -> 0
A75: Иные закупки товаров, работ и услуг для обеспечения государственных (муниципальных) нужд | B75: 65 | C75: 2 | D75: 00 | E75: 44205 | F75: 200 | J75: =J76 -> 0 | K75: =K76 -> 0 | L75: =L76 -> 0
A76: Прочая закупка товаров, работ и услуг | B76: 65 | C76: 2 | D76: 00 | E76: 44205 | F76: 240 | J76: =J77 -> 0 | K76: =K77 -> 0 | L76: =L77 -> 0
A77: Общегосударственные вопросы | B77: 65 | C77: 2 | D77: 00 | E77: 44205 | F77: 240 | G77: 01 | J77: =J78 -> 0 | K77: =K78 -> 0 | L77: =L78 -> 0
A78: Функционирование Правительства Российской Федерации, высших органов исполнительной власти субъектов Российской Федерации, местных администраций | B78: 65 | C78: 2 | D78: 00 | E78: 44205 | F78: 240 | G78: 01 | H78: 04 | J78: =J79 -> 0 | K78: =K79 -> 0 | L78: =L79 -> 0
A79: Администрация Пушкинского сельского поселения Кадошкинского муниципального района Республики Мордовия | B79: 65 | C79: 2 | D79: 00 | E79: 44205 | F79: 240 | G79: 01 | H79: 04 | I79: 919 | J79: ='Прил 5'!J35 -> 0 | K79: ='Прил 5'!K35 -> 0 | L79: ='Прил 5'!L35 -> 0
A80: Непрограммные расходы главных распорядителей средств бюджета Пушкинского сельского поселения Кадошкинского муниципального района Республики Мордовия | B80: 89 | J80: =J81 -> 535.45 | K80: =K81 -> 453.7 | L80: =L81 -> 468.3
A81: Непрограммные расходы в рамках обеспечения деятельности главных распорядителей средств бюджета Пушкинского сельского поселения Кадошкинского муниципального района Республики Мордовия | B81: 89 | C81: 1 | J81: =J87+J104+J122+J128+J139+J110+J116+J133+J146+J140+J88 -> 535.45 | K81: =K87+K98+K104+K122+K128+K139+K110+K116+K133+K146+K140 -> 453.7 | L81: =L87+L98+L104+L122+L128+L139+L110+L116+L133+L146+L140 -> 468.3
A82: Доплаты к пенсиям муниципальных служащих | B82: 89 | C82: 1 | D82: 00 | E82: 03010 | J82: =J85 -> 265.6 | K82: =K85 -> 276.3 | L82: =L85 -> 285.2
A83: Социальное обеспечение и иные выплаты населению | B83: 89 | C83: 1 | D83: 00 | E83: 03010 | F83: 300 | J83: =J84 -> 265.6 | K83: =K84 -> 276.3 | L83: =L84 -> 285.2
A84: Публичные нормативные социальные выплаты гражданам | B84: 89 | C84: 1 | D84: 00 | E84: 03010 | F84: 310 | J84: =J85 -> 265.6 | K84: =K85 -> 276.3 | L84: =L85 -> 285.2
A85: Социальная политика | B85: 89 | C85: 1 | D85: 00 | E85: 03010 | F85: 310 | G85: 10 | J85: =J86 -> 265.6 | K85: =K86 -> 276.3 | L85: =L86 -> 285.2
A86: Пенсионное обеспечение | B86: 89 | C86: 1 | D86: 00 | E86: 03010 | F86: 310 | G86: 10 | H86: 01 | J86: =J87 -> 265.6 | K86: =K87 -> 276.3 | L86: =L87 -> 285.2
A87: Администрация Пушкинского сельского поселения Кадошкинского муниципального района Республики Мордовия | B87: 89 | C87: 1 | D87: 00 | E87: 03010 | F87: 310 | G87: 10 | H87: 01 | I87: 919 | J87: ='Прил 5'!J110 -> 265.6 | K87: ='Прил 5'!K110 -> 276.3 | L87: ='Прил 5'!L110 -> 285.2
A88: Резервный фонд администрации Пушкинского сельского поселения Кадошкинского муниципального района Республики Мордовия | B88: 89 | C88: 1 | D88: 00 | E88: 41180 | J88: =J96+J89 -> 1 | K88: =K96+K89 -> 1 | L88: =L96+L89 -> 1
A89: Иные закупки товаров, работ и услуг для обеспечения государственных (муниципальных) нужд | B89: 89 | C89: 1 | D89: 00 | E89: 41180 | F89: 200 | J89: =J90 -> 0.278 | K89: =K90 -> 0 | L89: =L90 -> 0
A90: Прочая закупка товаров, работ и услуг | B90: 89 | C90: 1 | D90: 00 | E90: 41180 | F90: 240 | J90: =J91 -> 0.278 | K90: =K91 -> 0 | L90: =L91 -> 0
A91: Национальная безопасность и правоохранительная деятельность | B91: 89 | C91: 1 | D91: 00 | E91: 41180 | F91: 240 | G91: 03 | J91: =J92 -> 0.278 | K91: =K92 -> 0 | L91: =L92 -> 0
A92: Защита населения и территории от чрезвычайных ситуаций природного и техногенного характера, гражданская оборона | B92: 89 | C92: 1 | D92: 00 | E92: 41180 | F92: 240 | G92: 03 | H92: 09 | J92: =J93 -> 0.278 | K92: =K93 -> 0 | L92: =L93 -> 0
A93: Администрация Пушкинского сельского поселения Кадошкинского муниципального района Республики Мордовия | B93: 89 | C93: 1 | D93: 00 | E93: 41180 | F93: 240 | G93: 03 | H93: 09 | I93: 919 | J93: ='Прил 5'!J75 -> 0.278 | K93: ='Прил 5'!K75 -> 0 | L93: ='Прил 5'!L75 -> 0
A94: Иные бюджетные ассигнования | B94: 89 | C94: 1 | D94: 00 | E94: 41180 | F94: 800 | J94: =J95 -> 0.722 | K94: =K95 -> 1 | L94: =L95 -> 1
A95: Резервные средства | B95: 89 | C95: 1 | D95: 00 | E95: 41180 | F95: 870 | J95: =J96 -> 0.722 | K95: =K96 -> 1 | L95: =L96 -> 1
A96: Общегосударственные вопросы | B96: 89 | C96: 1 | D96: 00 | E96: 41180 | F96: 870 | G96: 01 | J96: =J97 -> 0.722 | K96: =K97 -> 1 | L96: =L97 -> 1
A97: Резервные фонды | B97: 89 | C97: 1 | D97: 00 | E97: 41180 | F97: 870 | G97: 01 | H97: 11 | J97: =J98 -> 0.722 | K97: =K98 -> 1 | L97: =L98 -> 1
A98: Администрация Пушкинского сельского поселения Кадошкинского муниципального района Республики Мордовия | B98: 89 | C98: 1 | D98: 00 | E98: 41180 | F98: 870 | G98: 01 | H98: 11 | I98: 919 | J98: ='Прил 5'!J46 -> 0.722 | K98: ='Прил 5'!K46 -> 1 | L98: ='Прил 5'!L46 -> 1
A99: Процентные платежи по муниципальному долгу | B99: 89 | C99: 1 | D99: 00 | E99: 41240 | J99: =J102 -> 3.3 | K99: =K102 -> 3.3 | L99: =L102 -> 3.3
A100: Обслуживание государственного (муниципального) долга | B100: 89 | C100: 1 | D100: 00 | E100: 41240 | F100: 700 | J100: =J101 -> 3.3 | K100: =K101 -> 3.3 | L100: =L101 -> 3.3
A101: Обслуживание муниципального долга | B101: 89 | C101: 1 | D101: 00 | E101: 41240 | F101: 730 | J101: =J102 -> 3.3 | K101: =K102 -> 3.3 | L101: =L102 -> 3.3
A102: Обслуживание государственного и муниципального долга | B102: 89 | C102: 1 | D102: 00 | E102: 41240 | F102: 730 | G102: 13 | J102: =J103 -> 3.3 | K102: =K103 -> 3.3 | L102: =L103 -> 3.3
...

Sheet Прил 7
D1: Приложение 7
A3: ИСТОЧНИКИ ВНУТРЕННЕГО ФИНАНСИРОВАНИЯ ДЕФИЦИТА БЮДЖЕТА ПУШКИНСКОГО СЕЛЬСКОГО ПОСЕЛЕНИЯ КАДОШКИНСКОГО МУНИЦИПАЛЬНОГО РАЙОНА РЕСПУБЛИКИ МОРДОВИЯ НА 2020 ГОД И НА ПЛАНОВЫЙ ПЕРИОД 2021 И 2022 ГОДОВ
E4: (тыс.руб.)
A5: Код | B5: НАИМЕНОВАНИЕ | C5: 2020 год | D5: 2021 год | E5: 2022 год
A6: 1 | B6: 2 | C6: 3 | D6: 4 | E6: 5
A7: 000 01 00 00 00 00 0000 000 | B7: ИСТОЧНИКИ ВНУТРЕННЕГО ФИНАНСИРОВАНИЯ ДЕФИЦИТОВ БЮДЖЕТОВ | C7: =C8+C15 -> 35.8 | D7: 0 | E7: 0
A8: 000 01 02 00 00 00 0000 000 | B8: Кредиты кредитных организаций в валюте Российской Федерации | C8: =SUM(C9) -> 35.9 | D8: =SUM(D9) -> 33.3 | E8: =SUM(E9) -> 66.6
A9: 000 01 02 00 00 00 0000 700 | B9: Получение кредитов от кредитных организаций в валюте Российской Федерации | C9: =SUM(C10) -> 35.9 | D9: =SUM(D10) -> 33.3 | E9: =SUM(E10) -> 66.6
A10: 000 01 02 00 00 10 0000 710 | B10: Получение кредитов от других бюджетов бюджетной системы Российской Федерации бюджетами сельских поселений в валюте Российской Федерации | C10: 35.9 | D10: 33.3 | E10: 66.6
A11: 000 01 03 00 00 00 0000 000 | B11: Бюджетные кредиты от других бюджетов бюджетной системы Российской Федерации | C11: =C12 -> 0 | D11: =D12 -> -33.3 | E11: =E12 -> -66.6
A12: 000 01 03 01 00 00 0000 000 | B12: Бюджетные кредиты от других бюджетов бюджетной системы Российской Федерации в валюте Российской Федерации | C12: =C13 -> 0 | D12: =D13 -> -33.3 | E12: =E13 -> -66.6
A13: 000 01 03 01 00 10 0000 800 | B13: Погашение бюджетных кредитов, полученных от других бюджетов бюджетной системы Российской Федерации в валюте Российской Федерации | C13: =SUM(C14) -> 0 | D13: =SUM(D14) -> -33.3 | E13: =SUM(E14) -> -66.6
A14: 000 01 03 01 00 10 0000 810 | B14: Погашение бюджетами сельских поселений кредитов от других бюджетов бюджетной системы Российской Федерации в валюте Российской Федерации | C14: 0 | D14: -33.3 | E14: -66.6
A15: 000 01 05 00 00 00 0000 000 | B15: Изменения остатков средств на счетах по учету средств бюджета | C15: =C18+C19 -> -0.1 | D15: =D18+D19 -> 0 | E15: =E18+E19 -> 0
A16: 000 01 05 02 00 00 0000 500 | B16: Увеличение прочих остатков средств бюджетов | C16: =SUM(C17) -> -2196.85 | D16: =SUM(D17) -> -1600 | E16: =SUM(E17) -> -1623.2
A17: 000 01 05 02 01 00 0000 510 | B17: Увеличение прочих остатков денежных средств бюджетов | C17: =SUM(C18) -> -2196.85 | D17: =SUM(D18) -> -1600 | E17: =SUM(E18) -> -1623.2
A18: 000 01 05 02 01 10 0000 510 | B18: Увеличение остатков денежных средств местных бюджетов | C18: =-'Прил 3'!C9-C10 -> -2196.85 | D18: =-'Прил 3'!D9 -> -1600 | E18: =-'Прил 3'!E9 -> -1623.2
A19: 000 01 05 02 00 00 0000 600 | B19: Уменьшение прочих остатков средств бюджетов | C19: =SUM(C20) -> 2196.75 | D19: =SUM(D20) -> 1600 | E19: =SUM(E20) -> 1623.2
A20: 000 01 05 02 01 00 0000 610 | B20: Уменьшение прочих остатков денежных средств бюджетов | C20: =SUM(C21) -> 2196.75 | D20: =SUM(D21) -> 1600 | E20: =SUM(E21) -> 1623.2
A21: 000 01 05 02 01 10 0000 610 | B21: Уменьшение прочих остатков денежных средств местных бюджетов | C21: ='Прил 4 '!I8 -> 2196.75 | D21: ='Прил 4 '!J8 -> 1600 | E21: ='Прил 4 '!K8 -> 1623.2
A22: 000 01 00 00 00 00 0000 000 | B22: Итого источников внутреннего финансирования дефицита бюджета Пушкинского сельского поселения Кадошкинского муниципального района Республики Мордовия | C22: 35.9 | D22: =D18+D21 -> 0 | E22: =E18+E21 -> 0
B23: Привлечение средств | D23: 33.3 | E23: 66.6

Sheet Прил 8
D1: Приложение 8
A3: ПРОГРАММА МУНИЦИПАЛЬНЫХ ВНУТРЕННИХ ЗАИМСТВОВАНИЙ ПУШКИНСКОГО СЕЛЬСКОГО ПОСЕЛЕНИЯ КАДОШКИНСКОГО МУНИЦИПАЛЬНОГО РАЙОНА РЕСПУБЛИКИ МОРДОВИЯ НА 2020 ГОД И НА ПЛАНОВЫЙ ПЕРИОД 2021 И 2022 ГОДОВ
E6: (тыс.руб.)
A7: № п/п | B7: ВИДЫ ЗАИМСТВОВАНИЙ | C7: Сумма
C8: 2020 год | D8: 2021 год | E8: 2022 год
A9: 1 | B9: 2 | C9: 3 | D9: 4 | E9: 5
A10: I | B10: Кредиты кредитных организаций в валюте Российской Федерации | C10: =C12 -> 0 | D10: =D12 -> 33.3 | E10: =E12 -> 66.6
B11: в том числе:
A12: 1 | B12: Объем привлечения | D12: 33.3 | E12: 66.6
A13: 2 | B13: Объем средств, напрвляемых на погашение основной суммы долга
A14: II | B14: Бюджетные кредиты от других бюджетов бюджетной системы Российской Федерации | C14: =C17 -> 0 | D14: =D17 -> -33.3 | E14: =E17 -> -66.6
B15: в том числе
A16: 1 | B16: Объем привлечения
A17: 2 | B17: Объем средств, напрвляемых на погашение основной суммы долга | D17: -33.3 | E17: -66.6
B18: ВСЕГО | D18: =D12+D17 -> 0 | E18: =E12+E17 -> 0
